Workbook

Sheet CARTOLA INGRESOS SEP
A1: Fecha | B1: Sucursal | C1: N° Cuenta Corriente | D1: Alias | E1: N° Cartola | F1: N° Operación | G1: Descripción | H1: Cheques / Cargos | I1: Depósitos / Abonos | J1: Saldo
A2: 30/09/2025 | B2: Stgo.principal | C2: 23909229090 | D2: ESC NAVAL ARTURO PRAT ASIGNACION CAPITAL | E2: 010 | F2: 7087606 | G2: Transferencia bancoestado a rut 18842453-8 mesias quezada greck gonzalo | H2: 19201 | I2: 0 | J2: 835753405
A3: 30/09/2025 | B3: Stgo.principal | C3: 23909229090 | D3: ESC NAVAL ARTURO PRAT ASIGNACION CAPITAL | E3: 010 | F3: 7087601 | G3: Transferencia otro banco a rut 18299181-3 zapico lafuente vicente | H3: 25815 | I3: 0 | J3: 835772606
A4: 30/09/2025 | B4: Stgo.principal | C4: 23909229090 | D4: ESC NAVAL ARTURO PRAT ASIGNACION CAPITAL | E4: 010 | F4: 7087620 | G4: Transferencia bancoestado a cabezas contreras patricio antonio | H4: 25815 | I4: 0 | J4: 835798421
A5: 30/09/2025 | B5: Stgo.principal | C5: 23909229090 | D5: ESC NAVAL ARTURO PRAT ASIGNACION CAPITAL | E5: 010 | F5: 7087612 | G5: Transferencia otro banco a rut 89862200-2 latam airlines s a | H5: 158739 | I5: 0 | J5: 835824236
A6: 30/09/2025 | B6: Stgo.principal | C6: 23909229090 | D6: ESC NAVAL ARTURO PRAT ASIGNACION CAPITAL | E6: 010 | F6: 7087616 | G6: Transferencia bancoestado a rut 77342151-k maxisoluciones arandu spa | H6: 282744 | I6: 0 | J6: 835982975
A7: 30/09/2025 | B7: Stgo.principal | C7: 23909229090 | D7: ESC NAVAL ARTURO PRAT ASIGNACION CAPITAL | E7: 010 | F7: 7087610 | G7: Transferencia otro banco a rut 89862200-2 latam airlines s a | H7: 378278 | I7: 0 | J7: 836265719
A8: 30/09/2025 | B8: Stgo.principal | C8: 23909229090 | D8: ESC NAVAL ARTURO PRAT ASIGNACION CAPITAL | E8: 010 | F8: 7087600 | G8: Transferencia bancoestado a rut 61102017-1 hospital naval almirante nef | H8: 433339 | I8: 0 | J8: 836643997
A9: 30/09/2025 | B9: Stgo.principal | C9: 23909229090 | D9: ESC NAVAL ARTURO PRAT ASIGNACION CAPITAL | E9: 010 | F9: 7087609 | G9: Transferencia otro banco a rut 89862200-2 latam airlines s a | H9: 608992 | I9: 0 | J9: 837077336
A10: 30/09/2025 | B10: Stgo.principal | C10: 23909229090 | D10: ESC NAVAL ARTURO PRAT ASIGNACION CAPITAL | E10: 010 | F10: 7087622 | G10: Transferencia otro banco a rut 89862200-2 latam airlines s a | H10: 678478 | I10: 0 | J10: 837686328
A11: 30/09/2025 | B11: Stgo.principal | C11: 23909229090 | D11: ESC NAVAL ARTURO PRAT ASIGNACION CAPITAL | E11: 010 | F11: 7087613 | G11: Transferencia otro banco a rut 89862200-2 latam airlines s a | H11: 730164 | I11: 0 | J11: 838364806
A12: 30/09/2025 | B12: Stgo.principal | C12: 23909229090 | D12: ESC NAVAL ARTURO PRAT ASIGNACION CAPITAL | E12: 010 | F12: 7087608 | G12: Transferencia otro banco a rut 61102006-6 departamento bienestar social armada valparaiso | H12: 1364519 | I12: 0 | J12: 839094970
A13: 30/09/2025 | B13: Stgo.principal | C13: 23909229090 | D13: ESC NAVAL ARTURO PRAT ASIGNACION CAPITAL | E13: 010 | F13: 7087604 | G13: Transferencia bancoestado a rut 77757285-7 asesorias contables financieras carolina donoso go | H13: 1570800 | I13: 0 | J13: 840459489
... A209: 01/09/2025 | B209: Stgo.principal | C209: 23909229090 | D209: ESC NAVAL ARTURO PRAT ASIGNACION CAPITAL | E209: 010 | F209: 1800958 | G209: Abono transbank tarjeta debito | H209: 0 | I209: 7663360 | J209: 647389376
H210: =SUM(H2:H209) -> 297899834 | I210: =SUM(I2:I209) -> 493927223
I212: 600 600 0033 | soportei@bancoestado.cl
I214: Fecha - Hora 02/10/2025-11:50
A216: Nombre Empresa | E216: ESCUELA NAVAL ARTURO PRAT VALPARAISO | J216: Ejecutivo | L216: DONOSO CASTILLO
A217: Rut Empresa | E217: 61.102.010-4 | J217: Oficina | L217: STGO. PRINCIPAL
A218: Nombre Usuario | E218: RODOLFO CIFUENTES VELÁSQUEZ
A219: Rut Usuario | E219: 13.366.095-K
A220: Cartóla Histórica
A221: N° Cuenta Corriente | E221: 23909229090
A222: Alias | E222: ESC NAVAL ARTURO PRAT ASIGNACION CAPITAL
A223: Fecha Inicio | E223: 01/09/2025
A224: Fecha Final | E224: 30/09/2025
A225: Fecha Emisión | E225: 30/09/2025
A226: N° Cartola | E226: 010
A227: N° Movimientos | E227: 208
A228: Saldo Inicial | E228: $639.726.016
A229: Total Cargos | E229: $297.899.834
A230: Total Cheques | E230: $0
A231: Total Abonos | E231: $450.099.241
A232: Total Depósitos | E232: $43.827.982
A233: Saldo Final | E233: $835.753.405
A237: Fecha | B237: Sucursal | C237: N° Cuenta Corriente | D237: Alias | E237: N° Cartola | F237: N° Operación | G237: Descripción | H237: Cheques / Cargos | I237: Depósitos / Abonos | J237: Saldo
A238: 30/09/2025 | B238: Stgo.principal | C238: 24509000073 | D238: ESC NAVAL ARTURO PRAT ASIGNACION ALUMNO | E238: 010 | F238: 0001720 | G238: Provision en linea convenio abonos varios numero 0010419259 nomina 00003177986 | H238: 618240 | I238: 0 | J238: 57287413
A239: 30/09/2025 | B239: Stgo.principal | C239: 24509000073 | D239: ESC NAVAL ARTURO PRAT ASIGNACION ALUMNO | E239: 010 | F239: 7090131 | G239: Transferencia bancoestado a rut 7394599-2 lopez cerda jose luis | H239: 2374050 | I239: 0 | J239: 57905653
A240: 30/09/2025 | B240: Stgo.principal | C240: 24509000073 | D240: ESC NAVAL ARTURO PRAT ASIGNACION ALUMNO | E240: 010 | F240: 7090132 | G240: Transferencia otro banco a rut 77863564-k | H240: 3132009 | I240: 0 | J240: 60279703
A241: 29/09/2025 | B241: Stgo.principal | C241: 24509000073 | D241: ESC NAVAL ARTURO PRAT ASIGNACION ALUMNO | E241: 010 | F241: 0001077 | G241: Transferencia otro banco de rut 17202197-2 ruiz gonzalez cristobal antonio | H241: 0 | I241: 1756 | J241: 63411712
A242: 29/09/2025 | B242: Stgo.principal | C242: 24509000073 | D242: ESC NAVAL ARTURO PRAT ASIGNACION ALUMNO | E242: 010 | F242: 0001077 | G242: Transferencia otro banco de rut 17202197-2 ruiz gonzalez cristobal antonio | H242: 0 | I242: 323157 | J242: 63409956
A243: 29/09/2025 | B243: Stgo.principal | C243: 24509000073 | D243: ESC NAVAL ARTURO PRAT ASIGNACION ALUMNO | E243: 010 | F243: 0001720 | G243: Provision en linea convenio abonos varios numero 0010419259 nomina 00003164734 | H243: 800000 | I243: 0 | J243: 63086799
A244: 29/09/2025 | B244: Stgo.principal | C244: 24509000073 | D244: ESC NAVAL ARTURO PRAT ASIGNACION ALUMNO | E244: 010 | F244: 0001720 | G244: Provision en linea convenio abonos varios numero 0010419259 nomina 00003168199 | H244: 2500000 | I244: 0 | J244: 63886799
A245: 29/09/2025 | B245: Stgo.principal | C245: 24509000073 | D245: ESC NAVAL ARTURO PRAT ASIGNACION ALUMNO | E245: 010 | F245: 0001720 | G245: Provision en linea convenio abonos varios numero 0010419259 nomina 00003166263 | H245: 14569200 | I245: 0 | J245: 66386799
A246: 26/09/2025 | B246: Stgo.principal | C246: 24509000073 | D246: ESC NAVAL ARTURO PRAT ASIGNACION ALUMNO | E246: 010 | F246: 7084824 | G246: Transferencia otro banco a rut 76119711-8 comercializadora voda chile limitada | H246: 13999 | I246: 0 | J246: 80955999
A247: 26/09/2025 | B247: Stgo.principal | C247: 24509000073 | D247: ESC NAVAL ARTURO PRAT ASIGNACION ALUMNO | E247: 010 | F247: 7084826 | G247: Transferencia otro banco a rut 76119711-8 comercializadora voda chile limitada | H247: 55997 | I247: 0 | J247: 80969998
A248: 26/09/2025 | B248: Stgo.principal | C248: 24509000073 | D248: ESC NAVAL ARTURO PRAT ASIGNACION ALUMNO | E248: 010 | F248: 7088706 | G248: Transferencia a cuenta 23909229090 esc naval arturo prat asignacion capital | H248: 83068 | I248: 0 | J248: 81025995
A249: 26/09/2025 | B249: Stgo.principal | C249: 24509000073 | D249: ESC NAVAL ARTURO PRAT ASIGNACION ALUMNO | E249: 010 | F249: 7086209 | G249: Transferencia otro banco a rut 18299181-3 zapico lafuente vicente | H249: 88850 | I249: 0 | J249: 81109063
... A293: 02/09/2025 | B293: Stgo.principal | C293: 24509000073 | D293: ESC NAVAL ARTURO PRAT ASIGNACION ALUMNO | E293: 010 | F293: 0001077 | G293: Transferencia otro banco de rut 18299181-3 zapico lafuente vicente | H293: 0 | I293: 250000 | J293: 88011209
I294: =SUM(I238:I293) -> 123542900
I298: 600 600 0033 | soportei@bancoestado.cl
I300: Fecha - Hora 02/10/2025-11:58
A302: Nombre Empresa | E302: ESCUELA NAVAL ARTURO PRAT VALPARAISO | J302: Ejecutivo | L302: DONOSO CASTILLO
A303: Rut Empresa | E303: 61.102.010-4 | J303: Oficina | L303: STGO. PRINCIPAL
A304: Nombre Usuario | E304: RODOLFO CIFUENTES VELÁSQUEZ
A305: Rut Usuario | E305: 13.366.095-K
A306: Cartóla Histórica
A307: N° Cuenta Corriente | E307: 24509000073
A308: Alias | E308: ESC NAVAL ARTURO PRAT ASIGNACION ALUMNO
A309: Fecha Inicio | E309: 02/09/2025
A310: Fecha Final | E310: 30/09/2025
A311: Fecha Emisión | E311: 30/09/2025
A312: N° Cartola | E312: 010
A313: N° Movimientos | E313: 56
A314: Saldo Inicial | E314: $87.761.209
A315: Total Cargos | E315: $154.016.696
A316: Total Cheques | E316: $0
A317: Total Abonos | E317: $123.542.900
A318: Total Depósitos | E318: $0
A319: Saldo Final | E319: $57.287.413

Sheet DESIVACIÓN DE CAJA
B2: DESVIACIÓN DE CAJA PRESUPUESTARIA (AGOSTO)
B4: AÑO | C4: 2025
B5: CENFIN | C5: CONSOLIDADO
B6: SALDO INICIAL CAJA | C6: =C75+C106 -> 538994817
B7: CAJA | I7: PRESUPUESTO
B8: MES | C8: INGRESO LINEAL PROYECTADO | D8: INGRESO REAL DE CAJA COMPROMETIDO | E8: INGRESO EFECTIVO DE CAJA | F8: DESVIACIÓN DE CAJA REAL | G8: DESVIACIÓN DE CAJA MENSUAL | H8: DESVIACIÓN DE CAJA ACUMULADA | I8: PROYECCIÓN DE GASTO | J8: OBLIGADO | K8: DEVENGADO | L8: GASTO MENSUAL | M8: SALDO FINAL DE CAJA
B9: SALDO INICIAL CAJA | C9: =C78+C109 -> 538994817 | D9: =D78+D109 -> 538994817 | E9: =C6 -> 538994817 | F9: =E9-D9 -> 0 | G9: =IF(F9=0,0,F9/D9) -> 0 | H9: =G9 -> 0
B10: ENERO | C10: =C79+C110 -> 7.0200595e+08 | D10: =D79+D110 -> 683169390 | E10: =E79+E110 -> 831978651 | F10: =IF(E10=0,0,E10-D10) -> 148809261 | G10: =IF(F10=0,0,F10/D10) -> 0.21782191 | H10: =G10+G9 -> 0.21782191
B11: FEBRERO | C11: =C80+C111 -> 299237761 | D11: =D80+D111 -> 286713376 | E11: =E80+E111 -> 276679738 | F11: =IF(E11=0,0,E11-D11) -> -10033638 | G11: =IF(F11=0,0,F11/D11) -> -0.034995361 | H11: =G11+G10 -> 0.18282655
B12: MARZO | C12: =C81+C112 -> 297976014 | D12: =D81+D112 -> 279689694 | E12: =E81+E112 -> 283422089 | F12: =IF(E12=0,0,E12-D12) -> 3732395 | G12: =IF(F12=0,0,F12/D12) -> 0.013344771 | H12: =G12+G11 -> -0.021650589
B13: ABRIL | C13: =C82+C113 -> 3.0238958e+08 | D13: =D82+D113 -> 310886399 | E13: =E82+E113 -> 284230867 | F13: =IF(E13=0,0,E13-D13) -> -26655532 | G13: =IF(F13=0,0,F13/D13) -> -0.085740425 | H13: =G13+G12 -> -0.072395654
B14: MAYO | C14: =C83+C114 -> 3.0015507e+08 | D14: =D83+D114 -> 296979844 | E14: =E83+E114 -> 236326837 | F14: =IF(E14=0,0,E14-D14) -> -60653007 | G14: =IF(F14=0,0,F14/D14) -> -0.20423274 | H14: =G14+G13 -> -0.28997316
B15: JUNIO | C15: =C84+C115 -> 2.9786497e+08 | D15: =D84+D115 -> 283656868 | E15: =E84+E115 -> 239519295 | F15: =IF(E15=0,0,E15-D15) -> -44137573 | G15: =IF(F15=0,0,F15/D15) -> -0.15560199 | H15: =G15+G14 -> -0.35983473
B16: JULIO | C16: =C85+C116 -> 2.9557496e+08 | D16: =D85+D116 -> 284702247 | E16: =E85+E116 -> 239174685 | F16: =IF(E16=0,0,E16-D16) -> -45527562 | G16: =IF(F16=0,0,F16/D16) -> -0.1599129 | H16: =G16+G15 -> -0.31551489
B17: AGOSTO | C17: =C86+C117 -> 2.9317251e+08 | D17: =D86+D117 -> 287575055 | E17: =E86+E117 -> 213202021 | F17: =IF(E17=0,0,E17-D17) -> -74373034 | G17: =IF(F17=0,0,F17/D17) -> -0.2586213 | H17: =G17+G16 -> -0.4185342
B18: SEPTIEMBRE | C18: =C87+C118 -> 2.9101258e+08 | D18: =D87+D118 -> 269460105 | E18: =E87+E118 -> 572994287 | F18: =IF(E18=0,0,E18-D18) -> 303534182 | G18: =IF(F18=0,0,F18/D18) -> 1.1264531 | H18: =G18+G17 -> 0.86783184
B19: OCTUBRE | C19: =C88+C119 -> 2.8201879e+08 | D19: =D88+D119 -> 259679247 | E19: =E88+E119 -> 0 | F19: =IF(E19=0,0,E19-D19) -> 0 | G19: =IF(F19=0,0,F19/D19) -> 0 | H19: =G19+G18 -> 1.1264531
B20: NOVIEMBRE | C20: =C89+C120 -> 260826856 | D20: =D89+D120 -> 259679247 | E20: =E89+E120 -> 0 | F20: =IF(E20=0,0,E20-D20) -> 0 | G20: =IF(F20=0,0,F20/D20) -> 0 | H20: =G20+G19 -> 0
B21: DICIEMBRE | C21: =C90+C121 -> 251349271 | D21: =D90+D121 -> 259679247 | E21: =E90+E121 -> 0 | F21: =IF(E21=0,0,E21-D21) -> 0 | G21: =IF(F21=0,0,F21/D21) -> 0 | H21: =G21+G20 -> 0
B22: TOTALES | C22: =C91+C122 -> 4.4125791e+09 | D22: =D91+D122 -> 4300865536 | E22: =SUM(E9:E21) -> 3716523287 | F22: =SUM(F9:F21) -> 194695492 | G22: =IF(F22=0,0,F22/D22) -> 0.045268909 | H22: =SUM(H9:H21) -> 0.91703022
B23: PRESUPUESTO VIGENTE | C23: =C92+C123 -> 4475775855 | D23: =D92+D123 -> 4475775855 | E23: ( + ) SEGUROS POR COBRAR | F23: =F92 -> 49726441
B24: ADMINOGASTO 10 | C24: 276765629 | D24: 276765629 | E24: ( + ) BECAS POR COBRAR | F24: =F93-F123 -> 1.8681964e+08
B25: PRESUPUESTO DISTRIBUIDO | C25: =C23-C24 -> 4199010226 | D25: =D23-D24 -> 4199010226 | E25: SUBEJECUCIÓN POR INGRESOS | F25: =D26 -> 101855310
B26: DIFERENCIA | C26: =C22-C25 -> 2.135689e+08 | D26: =D22-D25 -> 101855310 | E26: ( = ) DESVIACIÓN TOTAL | F26: =F22+F23+F24+F25 -> 5.3309689e+08
E27: CONCILIACIÓN
E28: ( + ) SALDO FINAL DE CAJA MES | F28: =F96+F127 -> 727487225
E29: ( + ) PAGADO ACUMULADO | F29: =F97+F128 -> 2235155523 | G29: DIFERENCIA
E30: ( + ) OTROS DEVENGOS | F30: =SUM(F98:F98)+SUM(F129:F129) -> 180886252
E31: ( = ) TOTAL INGRESOS | F31: =F28+F29+F30 -> 3143529000 | G31: =F31-E22 -> -572994287
A56: OBSERVACIONES:
B60: PAOLA VALDÉS LÓPEZ | E60: CARLOS AGUIRRE RAMÍREZ | N60: RODOLFO CIFUENTES VELÁSQUEZ
B61: PAC GDO. 9 FUNC ADM. | E61: PAC GDO. 7 CONT.AUD. | N61: EC GDO 10 CONT.AUD.
B62: TESORERO CENFIN 3 | E62: TESORERO CENFIN 10 | N62: JEFE DIVISIÓN FINANZAS
B65: CRISTÓBAL MELKONIAN ID | E65: PABLO UGARTE BENAVIDES | N65: JUAN PABLO CASTRO BRAHM
B66: CAPITÁN DE CORBETA AB | E66: CAPITÁN DE FRAGATA | N66: CAPITÁN DE NAVÍO
B67: JEFE DEPTO. ABASTECIMIENTO Y FZAS | E67: SUBDIRECTOR | N67: DIRECTOR DE LA ESCUELA NAVAL "A.P."
B71: DESVIACIÓN DE CAJA PRESUPUESTARIA CENFIN 3
B74: CENFIN | C74: 03
B75: SALDO INICIAL CAJA | C75: 490644465
B76: CAJA | I76: PRESUPUESTO
B77: MES | C77: INGRESO LINEAL PROYECTADO | D77: INGRESO REAL DE CAJA COMPROMETIDO | E77: INGRESO EFECTIVO DE CAJA | F77: DESVIACIÓN DE CAJA REAL | G77: DESVIACIÓN DE CAJA MENSUAL | H77: DESVIACIÓN DE CAJA ACUMULADA | I77: PROYECCIÓN DE GASTO | J77: OBLIGADO | K77: DEVENGADO | L77: GASTO MENSUAL | M77: SALDO FINAL DE CAJA
B78: SALDO INICIAL CAJA | C78: =$C$75 -> 490644465 | D78: =$C$75 -> 490644465 | E78: =C75 -> 490644465 | F78: =E78-D78 -> 0 | G78: =IF(F78=0,0,F78/D78) -> 0 | H78: =G78 -> 0
B79: ENERO | C79: ='PROYECCIÓN PRESUPUESTARIA'!C57 -> 6.3944611e+08 | D79: ='PROYECCIÓN PRESUPUESTARIA'!D57 -> 619820500 | E79: 776553606 | F79: =IF(E79=0,0,E79-D79) -> 156733106 | G79: =IF(F79=0,0,F79/D79) -> 0.25286854 | H79: =G79+G78 -> 0.25286854
B80: FEBRERO | C80: ='PROYECCIÓN PRESUPUESTARIA'!E57 -> 219056638 | D80: ='PROYECCIÓN PRESUPUESTARIA'!F57 -> 205782788 | E80: 171323366 | F80: =IF(E80=0,0,E80-D80) -> -34459422 | G80: =IF(F80=0,0,F80/D80) -> -0.16745532 | H80: =G80+G79 -> 0.085413225
B81: MARZO | C81: ='PROYECCIÓN PRESUPUESTARIA'!G57 -> 218120478 | D81: ='PROYECCIÓN PRESUPUESTARIA'!H57 -> 199084693 | E81: 195578447 | F81: =IF(E81=0,0,E81-D81) -> -3506246 | G81: =IF(F81=0,0,F81/D81) -> -0.017611831 | H81: =G81+G80 -> -0.18506715
B82: ABRIL | C82: ='PROYECCIÓN PRESUPUESTARIA'!I57 -> 2.2314563e+08 | D82: ='PROYECCIÓN PRESUPUESTARIA'!J57 -> 230824043 | E82: 190389731 | F82: =IF(E82=0,0,E82-D82) -> -40434312 | G82: =IF(F82=0,0,F82/D82) -> -0.17517374 | H82: =G82+G81 -> -0.19278558
B83: MAYO | C83: ='PROYECCIÓN PRESUPUESTARIA'!K57 -> 2.2152271e+08 | D83: ='PROYECCIÓN PRESUPUESTARIA'!L57 -> 217677191 | E83: 152631820 | F83: =IF(E83=0,0,E83-D83) -> -65045371 | G83: =IF(F83=0,0,F83/D83) -> -0.29881574 | H83: =G83+G82 -> -0.47398949
B84: JUNIO | C84: ='PROYECCIÓN PRESUPUESTARIA'!M57 -> 2.1984418e+08 | D84: ='PROYECCIÓN PRESUPUESTARIA'!N57 -> 204896860 | E84: 155172476 | F84: =IF(E84=0,0,E84-D84) -> -49724384 | G84: =IF(F84=0,0,F84/D84) -> -0.24268007 | H84: =G84+G83 -> -0.54149581
B85: JULIO | C85: ='PROYECCIÓN PRESUPUESTARIA'!O57 -> 2.1816576e+08 | D85: ='PROYECCIÓN PRESUPUESTARIA'!P57 -> 206267826 | E85: 158963618 | F85: =IF(E85=0,0,E85-D85) -> -47304208 | G85: =IF(F85=0,0,F85/D85) -> -0.22933391 | H85: =G85+G84 -> -0.47201398
B86: AGOSTO | C86: ='PROYECCIÓN PRESUPUESTARIA'!Q57 -> 2.163749e+08 | D86: ='PROYECCIÓN PRESUPUESTARIA'!R57 -> 209466221 | E86: 133344091 | F86: =IF(E86=0,0,E86-D86) -> -76122130 | G86: =IF(F86=0,0,F86/D86) -> -0.36341005 | H86: =G86+G85 -> -0.59274397
B87: SEPTIEMBRE | C87: ='PROYECCIÓN PRESUPUESTARIA'!S57 -> 2.1482656e+08 | D87: ='PROYECCIÓN PRESUPUESTARIA'!T57 -> 191676858 | E87: ='CARTOLA INGRESOS SEP'!I210 -> 493927223 | F87: =IF(E87=0,0,E87-D87) -> 302250365 | G87: =IF(F87=0,0,F87/D87) -> 1.5768746 | H87: =G87+G86 -> 1.2134645
B88: OCTUBRE | C88: ='PROYECCIÓN PRESUPUESTARIA'!U57 -> 2.0644435e+08 | D88: ='PROYECCIÓN PRESUPUESTARIA'!V57 -> 181896000 | F88: =IF(E88=0,0,E88-D88) -> 0 | G88: =IF(F88=0,0,F88/D88) -> 0 | H88: =G88+G87 -> 1.5768746
B89: NOVIEMBRE | C89: ='PROYECCIÓN PRESUPUESTARIA'!W57 -> 185864000 | D89: ='PROYECCIÓN PRESUPUESTARIA'!X57 -> 181896000 | F89: =IF(E89=0,0,E89-D89) -> 0 | G89: =IF(F89=0,0,F89/D89) -> 0 | H89: =G89+G88 -> 0
B90: DICIEMBRE | C90: ='PROYECCIÓN PRESUPUESTARIA'!Y57 -> 176998000 | D90: ='PROYECCIÓN PRESUPUESTARIA'!Z57 -> 181896000 | F90: =IF(E90=0,0,E90-D90) -> 0 | G90: =IF(F90=0,0,F90/D90) -> 0 | H90: =G90+G89 -> 0
B91: TOTALES | C91: =SUM(C78:C90) -> 3.4504538e+09 | D91: =SUM(D78:D90) -> 3321829445 | E91: =SUM(E78:E90) -> 2918528843 | F91: =SUM(F78:F90) -> 142387398 | G91: =IF(F91=0,0,F91/D91) -> 0.042864151 | H91: =SUM(H78:H90) -> 0.67052491
B92: PRESUPUESTO VIGENTE | C92: 3215961503 | D92: 3215961503 | E92: ( + ) SEGUROS POR COBRAR | F92: ='CTAS X COBRAR'!B20 -> 49726441
B93: DIFERENCIA | C93: =C91-C92 -> 2.3449228e+08 | D93: =D91-D92 -> 105867942 | E93: ( + ) BECAS POR COBRAR | F93: ='CTAS X COBRAR'!$E$46 -> 2.5270048e+08
E94: ( = ) DESVIACIÓN TOTAL | F94: =F91+F92+F93 -> 4.4481432e+08
E95: CONCILIACIÓN
E96: ( + ) SALDO FINAL DE CAJA MES | F96: 639726016
E97: ( + ) PAGADO ACUMULADO C.G.U. | F97: 1647697365
E98: ( + ) MOVIMIENTOS BANCARIOS NO CONSIDERADOS EN CGU | F98: =+'DETALLE MOVIMIENTOS CF 3'!C4 -> 137178239 | G98: DIFERENCIA
E99: ( = ) TOTAL INGRESOS | F99: =SUM(F96:F98) -> 2424601620 | G99: =F99-E91 -> -493927223
B102: DESVIACIÓN DE CAJA PRESUPUESTARIA CENFIN 10
B104: AÑO | C104: 2025
B105: CENFIN | C105: 10
B106: SALDO INICIAL CAJA | C106: ='PROYECCIÓN PRESUPUESTARIA'!C6:D6 -> 48350352
B107: CAJA | I107: PRESUPUESTO
B108: MES | C108: INGRESO LINEAL PROYECTADO | D108: INGRESO REAL DE CAJA COMPROMETIDO | E108: INGRESO EFECTIVO DE CAJA | F108: DESVIACIÓN DE CAJA REAL | G108: DESVIACIÓN DE CAJA MENSUAL | H108: DESVIACIÓN DE CAJA ACUMULADA | I108: PROYECCIÓN DE GASTO | J108: OBLIGADO | K108: DEVENGADO | L108: GASTO MENSUAL | M108: SALDO FINAL DE CAJA
B109: SALDO INICIAL CAJA | C109: =$C$106 -> 48350352 | D109: =$C$106 -> 48350352 | E109: =C106 -> 48350352 | F109: =E109-D109 -> 0 | G109: =IF(F109=0,0,F109/D109) -> 0 | H109: =G109 -> 0
B110: ENERO | C110: ='PROYECCIÓN PRESUPUESTARIA'!C59 -> 62559836 | D110: ='PROYECCIÓN PRESUPUESTARIA'!D59 -> 63348890 | E110: 55425045 | F110: =IF(E110=0,0,E110-D110) -> -7923845 | G110: =IF(F110=0,0,F110/D110) -> -0.12508262 | H110: =G110+G109 -> -0.12508262
B111: FEBRERO | C111: ='PROYECCIÓN PRESUPUESTARIA'!E59 -> 80181123 | D111: ='PROYECCIÓN PRESUPUESTARIA'!F59 -> 80930588 | E111: 105356372 | F111: =IF(E111=0,0,E111-D111) -> 24425784 | G111: =IF(F111=0,0,F111/D111) -> 0.30181152 | H111: =G111+G110 -> 0.1767289
B112: MARZO | C112: ='PROYECCIÓN PRESUPUESTARIA'!G59 -> 79855536 | D112: ='PROYECCIÓN PRESUPUESTARIA'!H59 -> 80605001 | E112: 87843642 | F112: =IF(E112=0,0,E112-D112) -> 7238641 | G112: =IF(F112=0,0,F112/D112) -> 0.08980387 | H112: =G112+G111 -> 0.39161539
B113: ABRIL | C113: ='PROYECCIÓN PRESUPUESTARIA'!I59 -> 79243951 | D113: ='PROYECCIÓN PRESUPUESTARIA'!J59 -> 80062356 | E113: 93841136 | F113: =IF(E113=0,0,E113-D113) -> 13778780 | G113: =IF(F113=0,0,F113/D113) -> 0.17210061 | H113: =G113+G112 -> 0.26190448
B114: MAYO | C114: ='PROYECCIÓN PRESUPUESTARIA'!K59 -> 78632366 | D114: ='PROYECCIÓN PRESUPUESTARIA'!L59 -> 79302653 | E114: 83695017 | F114: =IF(E114=0,0,E114-D114) -> 4392364 | G114: =IF(F114=0,0,F114/D114) -> 0.055387353 | H114: =G114+G113 -> 0.22748796
B115: JUNIO | C115: ='PROYECCIÓN PRESUPUESTARIA'!M59 -> 78020781 | D115: ='PROYECCIÓN PRESUPUESTARIA'!N59 -> 78760008 | E115: 84346819 | F115: =IF(E115=0,0,E115-D115) -> 5586811 | G115: =IF(F115=0,0,F115/D115) -> 0.070934617 | H115: =G115+G114 -> 0.12632197
B116: JULIO | C116: ='PROYECCIÓN PRESUPUESTARIA'!O59 -> 77409196 | D116: ='PROYECCIÓN PRESUPUESTARIA'!P59 -> 78434421 | E116: 80211067 | F116: =IF(E116=0,0,E116-D116) -> 1776646 | G116: =IF(F116=0,0,F116/D116) -> 0.022651356 | H116: =G116+G115 -> 0.093585973
B117: AGOSTO | C117: ='PROYECCIÓN PRESUPUESTARIA'!Q59 -> 76797611 | D117: ='PROYECCIÓN PRESUPUESTARIA'!R59 -> 78108834 | E117: 79857930 | F117: =IF(E117=0,0,E117-D117) -> 1749096 | G117: =IF(F117=0,0,F117/D117) -> 0.022393062 | H117: =G117+G116 -> 0.045044419
B118: SEPTIEMBRE | C118: ='PROYECCIÓN PRESUPUESTARIA'!S59 -> 76186026 | D118: ='PROYECCIÓN PRESUPUESTARIA'!T59 -> 77783247 | E118: ='CARTOLA INGRESOS SEP'!I266 -> 79067064 | F118: =IF(E118=0,0,E118-D118) -> 1283817 | G118: =IF(F118=0,0,F118/D118) -> 0.016505058 | H118: =G118+G117 -> 0.03889812
B119: OCTUBRE | C119: ='PROYECCIÓN PRESUPUESTARIA'!U59 -> 75574441 | D119: ='PROYECCIÓN PRESUPUESTARIA'!V59 -> 77783247 | F119: =IF(E119=0,0,E119-D119) -> 0 | G119: =IF(F119=0,0,F119/D119) -> 0 | H119: =G119+G118 -> 0.016505058
B120: NOVIEMBRE | C120: ='PROYECCIÓN PRESUPUESTARIA'!W59 -> 74962856 | D120: ='PROYECCIÓN PRESUPUESTARIA'!X59 -> 77783247 | F120: =IF(E120=0,0,E120-D120) -> 0 | G120: =IF(F120=0,0,F120/D120) -> 0 | H120: =G120+G119 -> 0
B121: DICIEMBRE | C121: ='PROYECCIÓN PRESUPUESTARIA'!Y59 -> 74351271 | D121: ='PROYECCIÓN PRESUPUESTARIA'!Z59 -> 77783247 | F121: =IF(E121=0,0,E121-D121) -> 0 | G121: =IF(F121=0,0,F121/D121) -> 0 | H121: =G121+G120 -> 0
B122: TOTALES | C122: =SUM(C109:C121) -> 962125346 | D122: =SUM(D109:D121) -> 979036091 | E122: =SUM(E109:E121) -> 797994444 | F122: =SUM(F109:F121) -> 52308094 | G122: =IF(F122=0,0,F122/D122) -> 0.053428157 | H122: =SUM(H109:H121) -> 1.2530097
B123: PRESUPUESTO VIGENTE | C123: 1259814352 | D123: 1259814352 | E123: ( - ) CUENTAS POR PAGAR | F123: 65880842
B124: ADMINOGASTO 10 | C124: 276765629 | D124: 276765629 | E124: ( = ) DESVIACIÓN TOTAL | F124: =F122-F123 -> -13572748
B125: PRESUPUESTO DISTRIBUIDO | C125: =C123-C124 -> 983048723 | D125: =D123-D124 -> 983048723
E126: CONCILIACIÓN
E127: ( + ) SALDO FINAL DE CAJA MES | F127: 87761209
E128: ( + ) PAGADO ACUMULADO | F128: 587458158
E129: ( + ) MOVIMIENTOS BANCARIOS NO CONSIDERADOS EN CGU | F129: 43708013 | G129: DIFERENCIA
E130: ( = ) TOTAL INGRESOS | F130: =SUM(F127:F129) -> 718927380 | G130: =F130-E122 -> -79067064

Sheet PROYECCIÓN PRESUPUESTARIA
A2: PROYECCIÓN PRESUPUESTARIA ESCUELA NAVAL "ARTURO PRAT"
A3: AÑO | B3: 2025
A4: FECHA | B4: =TODAY() -> 45938
A5: SALDO INICIAL DE CAJA CF03 | C5: 490644465 | E5: ALUMNO NIVEL I | G5: 108529 | O5: MES | P5: PROYECCIÓN | Q5: TOTAL | R5: REAL | S5: TOTAL
A6: SALDO INICIAL DE CAJA CF10 | C6: 48350352 | E6: ALUMNO NIVEL II | G6: 285998 | O6: ENERO | P6: =C41 -> 4 | Q6: =P6 -> 4 | R6: =D41 -> 0 | S6: =R6 -> 0
A7: VALOR UF FIJADO | C7: 39000 | O7: FEBRERO | P7: =E41 -> 6 | Q7: =P7+Q6 -> 10 | R7: =F41 -> 8 | S7: =R7+S6 -> 8
A8: MENSUALIDAD UF | C8: 11 | E8: CD ANTIGUOS 1ER AÑO | O8: MARZO | P8: =G41 -> 3 | Q8: =P8+Q7 -> 13 | R8: =H41 -> 3 | S8: =R8+S7 -> 11
A9: MENSUALIDAD $CLP | C9: =$C$7*C8 -> 429000 | O9: ABRIL | P9: =I41 -> 4 | Q9: =P9+Q8 -> 17 | R9: =J41 -> 5 | S9: =R9+S8 -> 16
A10: MATRÍCULA UF | C10: 9 | E10: R1 | G10: 10 | O10: MAYO | P10: =K41 -> 4 | Q10: =P10+Q9 -> 21 | R10: =L41 -> 7 | S10: =R10+S9 -> 23
A11: MATRÍCULA $CLP | C11: =$C$7*C10 -> 351000 | E11: REINCORPORADOS 1° | G11: 3 | O11: JUNIO | P11: =M41 -> 4 | Q11: =P11+Q10 -> 25 | R11: =N41 -> 5 | S11: =R11+S10 -> 28
A12: EQUIPO DE INGRESO UF | C12: 80 | E12: TOTAL ANTIGUOS 1° | G12: =SUM(G10:G11) -> 13 | O12: JULIO | P12: =O41 -> 4 | Q12: =P12+Q11 -> 29 | R12: =P41 -> 3 | S12: =R12+S11 -> 31
A13: EQUIPO DE INGRESO $CLP | C13: =C7*C12 -> 3120000 | O13: AGOSTO | P13: =Q41 -> 4 | Q13: =P13+Q12 -> 33 | R13: =R41 -> 3 | S13: =R13+S12 -> 34
A14: SEGURO ESCOLAR 1ER AÑO UF | C14: 1.5 | O14: SEPTIEMBRE | P14: =S41 -> 4 | Q14: =P14+Q13 -> 37 | R14: =T41 -> 3 | S14: =R14+S13 -> 37
A15: SEGURO ESCOLAR 1ER AÑO CLP | C15: 84500 | O15: OCTUBRE | P15: =U41 -> 4 | Q15: =P15+Q14 -> 41 | R15: =V41 -> 0 | S15: =R15+S14 -> 37
A16: SEGURO PERMANENCIA 1ER AÑO UF | C16: 1.8 | O16: NOVIEMBRE | P16: =W41 -> 4 | Q16: =P16+Q15 -> 45 | R16: =X41 -> 0 | S16: =R16+S15 -> 37
A17: SEGURO PERMANENCIA 1ER AÑO $CLP | C17: =C7*C16 -> 70200 | O17: DICIEMBRE | P17: =Y41 -> 4 | Q17: =P17+Q16 -> 49 | R17: =Z41 -> 0 | S17: =R17+S16 -> 37
A19: PRESUPUESTO CONSOLIDADO
A20: PROYECTADO | B20: =B25+B30 -> 4.4125791e+09
A21: REAL ESPERADO | B21: =B26+B31 -> 4300865536
A22: DESVIACIÓN PROY | B22: =B21-B20 -> -1.1171359e+08
A24: PRESUPUESTO CF03
A25: PROYECTADO | B25: =$C$5+AA57 -> 3.4504538e+09
A26: REAL ESPERADO | B26: =$C$5+AB57 -> 3321829445
A27: DESVIACIÓN PROY | B27: =B26-B25 -> -1.2862434e+08
A29: PRESUPUESTO CF10
A30: PROYECTADO | B30: =AA59+$C$6 -> 962125346
A31: REAL ESPERADO | B31: =AB59+$C$6 -> 979036091
A32: DESVIACIÓN PROY | B32: =B31-B30 -> 16910745
A33: UF AL 01 DEL MES | C33: 38419 | E33: 38381 | G33: 38663 | I33: 38899 | K33: 39081 | M33: 39191.97 | O33: 39269.69 | Q33: 39173.95 | S33: 39394.46 | U33: 39486
A34: UTM | C34: 67429 | E34: 67294 | G34: 68034 | I34: 68306 | K34: 68648 | M34: 68785 | O34: 68923 | Q34: 68647 | S34: 69265 | U34: 69265
A35: CURSOS | B35: EFECTIVA ENE 2025 | C35: ENERO | E35: FEBRERO | G35: MARZO | I35: ABRIL | K35: MAYO | M35: JUNIO | O35: JULIO | Q35: AGOSTO | S35: SEPTIEMBRE | U35: OCTUBRE | W35: NOVIEMBRE | Y35: DICIEMBRE | AA35: TOTALES
C36: PROY ENE | D36: REAL | E36: PROY | F36: REAL | G36: PROY | H36: REAL | I36: PROY | J36: REAL | K36: PROY | L36: REAL | M36: PROY | N36: REAL | O36: PROY | P36: REAL | Q36: PROY | R36: REAL | S36: PROY | T36: REAL | U36: PROY | V36: REAL | W36: PROY | X36: REAL | Y36: PROY | Z36: REAL | AA36: PROY | AB36: REAL
A37: 1 | B37: 170 | C37: 0 | D37: 0 | E37: 4 | F37: 7 | G37: 2 | H37: 1 | I37: 2 | J37: 5 | K37: 2 | L37: 6 | M37: 2 | N37: 4 | O37: 2 | P37: 2 | Q37: 2 | R37: 1 | S37: 2 | T37: 3 | U37: 2 | W37: 2 | Y37: 2 | AA37: =C37+E37+G37+I37+K37+M37+O37+Q37+S37+U37+W37+Y37 -> 24 | AB37: =D37+F37+H37+J37+L37+N37+P37+R37+T37+V37+X37+Z37 -> 29
A38: 2 | B38: 112 | C38: 2 | D38: 0 | E38: 1 | F38: 1 | G38: 1 | H38: 2 | I38: 1 | J38: 0 | K38: 1 | L38: 1 | M38: 1 | N38: 1 | O38: 1 | P38: 1 | Q38: 1 | R38: 2 | S38: 1 | U38: 1 | W38: 1 | Y38: 1 | AA38: =C38+E38+G38+I38+K38+M38+O38+Q38+S38+U38+W38+Y38 -> 13 | AB38: =D38+F38+H38+J38+L38+N38+P38+R38+T38+V38+X38+Z38 -> 8
A39: 3 | B39: 93 | C39: 2 | D39: 0 | E39: 1 | F39: 0 | G39: 0 | H39: 0 | I39: 1 | J39: 0 | K39: 1 | L39: 0 | M39: 1 | N39: 0 | O39: 1 | P39: 0 | Q39: 1 | R39: 0 | S39: 1 | U39: 1 | W39: 1 | Y39: 1 | AA39: =C39+E39+G39+I39+K39+M39+O39+Q39+S39+U39+W39+Y39 -> 12 | AB39: =D39+F39+H39+J39+L39+N39+P39+R39+T39+V39+X39+Z39 -> 0
A40: 4 | B40: 86 | C40: 0 | D40: 0 | E40: 0 | F40: 0 | G40: 0 | H40: 0 | I40: 0 | J40: 0 | K40: 0 | L40: 0 | M40: 0 | N40: 0 | O40: 0 | P40: 0 | Q40: 0 | R40: 0 | S40: 0 | U40: 0 | W40: 0 | Y40: 0 | AA40: =C40+E40+G40+I40+K40+M40+O40+Q40+S40+U40+W40+Y40 -> 0 | AB40: =D40+F40+H40+J40+L40+N40+P40+R40+T40+V40+X40+Z40 -> 0
A41: TOTAL | B41: =SUM(B37:B40) -> 461 | C41: =SUM(C37:C40) -> 4 | D41: 0 | E41: =SUM(E37:E40) -> 6 | F41: =SUM(F37:F40) -> 8 | G41: =SUM(G37:G40) -> 3 | H41: =SUM(H37:H40) -> 3 | I41: =SUM(I37:I40) -> 4 | J41: =SUM(J37:J40) -> 5 | K41: =SUM(K37:K40) -> 4 | L41: =SUM(L37:L40) -> 7 | ... Z41: =SUM(Z37:Z40) -> 0 | AA41: =C41+E41+G41+I41+K41+M41+O41+Q41+S41+U41+W41+Y41 -> 49 | AB41: =D41+F41+H41+J41+L41+N41+P41+R41+T41+V41+X41+Z41 -> 37
A42: EFECTIVA POR MES | C42: =B41-C41 -> 457 | D42: =B41-D41 -> 461 | E42: =C42-E41 -> 451 | F42: =D42-F41 -> 453 | G42: =E42-G41 -> 448 | H42: =F42-H41 -> 450 | I42: =G42-I41 -> 444 | J42: =H42-J41 -> 445 | K42: =I42-K41 -> 440 | L42: =J42-L41 -> 438 | ... Z42: =X42-Z41 -> 424 | AA42: =B41-AA41 -> 412 | AB42: =B41-AB41 -> 424
A43: DIFERNECIA +/- | C43: =D42-C42 -> 4 | E43: =F42-E42 -> 2 | G43: =H42-G42 -> 2 | I43: =J42-I42 -> 1 | K43: =L42-K42 -> -2 | M43: =N42-M42 -> -3 | O43: =P42-O42 -> -2 | Q43: =R42-Q42 -> -1 | S43: =T42-S42 -> 0 | U43: =V42-U42 -> 4 | W43: =X42-W42 -> 8 | Y43: =Z42-Y42 -> 12 | AA43: =AB42-AA42 -> 12
A44: MENSUALIDADES | B44: =B41*$C$9 -> 197769000 | C44: 0 | D44: 0 | E44: =E42*$C$9 -> 193479000 | F44: =F42*$C$9-429000 -> 193908000 | G44: =G42*$C$9 -> 192192000 | H44: =H42*$C$9 -> 193050000 | I44: =I42*$C$9 -> 190476000 | J44: =J42*$C$9 -> 190905000 | K44: =K42*$C$9 -> 188760000 | L44: =L42*$C$9 -> 187902000 | M44: =M42*$C$9 -> 187044000 | N44: =N42*$C$9 -> 185757000 | ... Z44: =Z42*$C$9 -> 181896000 | AA44: =C44+E44+G44+K44+I44+M44+O44+Q44+S44+U44+W44+Y44 -> 2038179000 | AB44: =D44+F44+H44+L44+J44+N44+P44+R44+T44+V44+X44+Z44 -> 2046759000
A45: CAUCIONES POR RETIRO | B45: 0 | C45: =(VLOOKUP($A$38,'REGISTRO DE RETIROS'!$M:$N,2,FALSE)+VLOOKUP($A$39,'REGISTRO DE RETIROS'!$M:$N,2,FALSE)+VLOOKUP($A$40,'REGISTRO DE RETIROS'!$M:$N,2,FALSE)+VLOOKUP($A$37,'REGISTRO DE RETIROS'!$M:$N,2,FALSE))*C34 -> 17936114 | D45: =VLOOKUP(C35,'REGISTRO DE RETIROS'!$F:$N,9,FALSE)*C34 -> 0 | E45: =(VLOOKUP($A$38,'REGISTRO DE RETIROS'!$M:$N,2,FALSE)+VLOOKUP($A$39,'REGISTRO DE RETIROS'!$M:$N,2,FALSE)+VLOOKUP($A$40,'REGISTRO DE RETIROS'!$M:$N,2,FALSE)+VLOOKUP($A$37,'REGISTRO DE RETIROS'!$M:$N,2,FALSE))*E34 -> 17900204 | F45: =VLOOKUP(E35,'REGISTRO DE RETIROS'!$F:$N,9,FALSE)*E34 -> 8613632 | G45: =(VLOOKUP($A$38,'REGISTRO DE RETIROS'!$M:$N,2,FALSE)+VLOOKUP($A$39,'REGISTRO DE RETIROS'!$M:$N,2,FALSE)+VLOOKUP($A$40,'REGISTRO DE RETIROS'!$M:$N,2,FALSE)+VLOOKUP($A$37,'REGISTRO DE RETIROS'!$M:$N,2,FALSE))*G34 -> 18097044 | H45: =VLOOKUP(G35,'REGISTRO DE RETIROS'!$F:$N,9,FALSE)*G34 -> 1360680 | I45: =(VLOOKUP($A$38,'REGISTRO DE RETIROS'!$M:$N,2,FALSE)+VLOOKUP($A$39,'REGISTRO DE RETIROS'!$M:$N,2,FALSE)+VLOOKUP($A$40,'REGISTRO DE RETIROS'!$M:$N,2,FALSE)+VLOOKUP($A$37,'REGISTRO DE RETIROS'!$M:$N,2,FALSE))*I34 -> 18169396 | J45: =VLOOKUP(I35,'REGISTRO DE RETIROS'!$F:$N,9,FALSE)*I34 -> 12841528 | K45: =(VLOOKUP($A$38,'REGISTRO DE RETIROS'!$M:$N,2,FALSE)+VLOOKUP($A$39,'REGISTRO DE RETIROS'!$M:$N,2,FALSE)+VLOOKUP($A$40,'REGISTRO DE RETIROS'!$M:$N,2,FALSE)+VLOOKUP($A$37,'REGISTRO DE RETIROS'!$M:$N,2,FALSE))*K34 -> 18260368 | L45: =VLOOKUP(K35,'REGISTRO DE RETIROS'!$F:$N,9,FALSE)*K34 -> 12631232 | M45: =(VLOOKUP($A$38,'REGISTRO DE RETIROS'!$M:$N,2,FALSE)+VLOOKUP($A$39,'REGISTRO DE RETIROS'!$M:$N,2,FALSE)+VLOOKUP($A$40,'REGISTRO DE RETIROS'!$M:$N,2,FALSE)+VLOOKUP($A$37,'REGISTRO DE RETIROS'!$M:$N,2,FALSE))*M34 -> 18296810 | N45: =VLOOKUP(M35,'REGISTRO DE RETIROS'!$F:$N,9,FALSE)*M34 -> 10248965 | O45: =(VLOOKUP($A$38,'REGISTRO DE RETIROS'!$M:$N,2,FALSE)+VLOOKUP($A$39,'REGISTRO DE RETIROS'!$M:$N,2,FALSE)+VLOOKUP($A$40,'REGISTRO DE RETIROS'!$M:$N,2,FALSE)+VLOOKUP($A$37,'REGISTRO DE RETIROS'!$M:$N,2,FALSE))*O34 -> 18333518 | P45: =VLOOKUP(O35,'REGISTRO DE RETIROS'!$F:$N,9,FALSE)*O34 -> 8132914 | Q45: =(VLOOKUP($A$38,'REGISTRO DE RETIROS'!$M:$N,2,FALSE)+VLOOKUP($A$39,'REGISTRO DE RETIROS'!$M:$N,2,FALSE)+VLOOKUP($A$40,'REGISTRO DE RETIROS'!$M:$N,2,FALSE)+VLOOKUP($A$37,'REGISTRO DE RETIROS'!$M:$N,2,FALSE))*Q34 -> 18260102 | R45: =VLOOKUP(Q35,'REGISTRO DE RETIROS'!$F:$N,9,FALSE)*Q34 -> 8100346 | S45: =(VLOOKUP($A$38,'REGISTRO DE RETIROS'!$M:$N,2,FALSE)+VLOOKUP($A$39,'REGISTRO DE RETIROS'!$M:$N,2,FALSE)+VLOOKUP($A$40,'REGISTRO DE RETIROS'!$M:$N,2,FALSE)+VLOOKUP($A$37,'REGISTRO DE RETIROS'!$M:$N,2,FALSE))*S34 -> 18424490 | T45: =VLOOKUP(S35,'REGISTRO DE RETIROS'!$F:$N,9,FALSE)*S34 -> 0 | U45: =(VLOOKUP($A$38,'REGISTRO DE RETIROS'!$M:$N,2,FALSE)+VLOOKUP($A$39,'REGISTRO DE RETIROS'!$M:$N,2,FALSE)+VLOOKUP($A$40,'REGISTRO DE RETIROS'!$M:$N,2,FALSE)+VLOOKUP($A$37,'REGISTRO DE RETIROS'!$M:$N,2,FALSE))*U34 -> 18424490 | V45: =VLOOKUP(U35,'REGISTRO DE RETIROS'!$F:$N,9,FALSE)*U34 -> 0 | W45: =(VLOOKUP($A$38,'REGISTRO DE RETIROS'!$M:$N,2,FALSE)+VLOOKUP($A$39,'REGISTRO DE RETIROS'!$M:$N,2,FALSE)+VLOOKUP($A$40,'REGISTRO DE RETIROS'!$M:$N,2,FALSE)+VLOOKUP($A$37,'REGISTRO DE RETIROS'!$M:$N,2,FALSE))*W34 -> 0 | X45: =VLOOKUP(W35,'REGISTRO DE RETIROS'!$F:$N,9,FALSE)*W34 -> 0 | Y45: =(VLOOKUP($A$38,'REGISTRO DE RETIROS'!$M:$N,2,FALSE)+VLOOKUP($A$39,'REGISTRO DE RETIROS'!$M:$N,2,FALSE)+VLOOKUP($A$40,'REGISTRO DE RETIROS'!$M:$N,2,FALSE)+VLOOKUP($A$37,'REGISTRO DE RETIROS'!$M:$N,2,FALSE))*Y34 -> 0 | Z45: =VLOOKUP(Y35,'REGISTRO DE RETIROS'!$F:$N,9,FALSE)*Y34 -> 0 | AA45: =C45+E45+G45+K45+I45+M45+O45+Q45+S45+U45+W45+Y45 -> 182102536 | AB45: =D45+F45+H45+L45+J45+N45+P45+R45+T45+V45+X45+Z45 -> 61929297
A46: DAGOWAY | B46: =5*C33 -> 192095 | C46: =5*C33 -> 192095 | E46: =5*E33 -> 191905 | G46: =5*G33 -> 193315 | I46: =5*I33 -> 194495 | J46: 3029188 | K46: =5*K33 -> 195405 | M46: =5*M33 -> 195959.85 | O46: =5*O33 -> 196348.45 | Q46: =5*Q33 -> 195869.75 | S46: =5*S33 -> 196972.3 | T46: 980919 | U46: =5*U33 -> 197430 | W46: =5*W33 -> 0 | Y46: =5*Y33 -> 0 | AA46: =C46+E46+G46+K46+I46+M46+O46+Q46+S46+U46+W46+Y46 -> 1949795.4 | AB46: =D46+F46+H46+L46+J46+N46+P46+R46+T46+V46+X46+Z46 -> 4010107
A47: CASA N°1 | B47: =3.5*C34 -> 236001.5 | C47: =3.5*C34 -> 236001.5 | E47: =3.5*E34 -> 235529 | G47: =3.5*G34 -> 238119 | I47: =3.5*I34 -> 239071 | J47: 0 | K47: =3.5*K34 -> 240268 | L47: 240268 | M47: =3.5*M34 -> 240747.5 | N47: 240747 | O47: =3.5*O34 -> 241230.5 | P47: 241230 | Q47: =3.5*Q34 -> 240264.5 | R47: 240264 | S47: =3.5*S34 -> 242427.5 | T47: 242427 | U47: =3.5*U34 -> 242427.5 | W47: =3.5*W34 -> 0 | Y47: =3.5*Y34 -> 0 | AA47: =C47+E47+G47+K47+I47+M47+O47+Q47+S47+U47+W47+Y47 -> 2396086 | AB47: =D47+F47+H47+L47+J47+N47+P47+R47+T47+V47+X47+Z47 -> 1204936
A48: SALA DE VENTA | B48: 35000000 | C48: 0 | D48: 0 | E48: =$B$48/10 -> 3500000 | F48: 3261156 | G48: =$B$48/10 -> 3500000 | H48: 4674013 | I48: =$B$48/10 -> 3500000 | J48: 2916325 | K48: =$B$48/10 -> 3500000 | L48: 8869271 | M48: =$B$48/10 -> 3500000 | N48: 2409278 | O48: =$B$48/10 -> 3500000 | P48: 2314854 | Q48: =$B$48/10 -> 3500000 | R48: 10923755 | S48: =$B$48/10 -> 3500000 | T48: 6045956 | U48: =$B$48/10 -> 3500000 | W48: =$B$48/10 -> 3500000 | Y48: 0 | AA48: =C48+E48+G48+K48+I48+M48+O48+Q48+S48+U48+W48+Y48 -> 35000000 | AB48: =D48+F48+H48+L48+J48+N48+P48+R48+T48+V48+X48+Z48 -> 41414608
A49: ADMISIÓN | B49: 40000000 | C49: 0 | D49: 0 | E49: 0 | G49: 0 | I49: =$B$49/6 -> 6666666.7 | J49: 20775000 | K49: =$B$49/6 -> 6666666.7 | L49: 7875000 | M49: =$B$49/6 -> 6666666.7 | N49: 6125000 | O49: =$B$49/6 -> 6666666.7 | P49: 7075000 | Q49: =$B$49/6 -> 6666666.7 | R49: 6275000 | S49: =$B$49/6 -> 6666666.7 | T49: 1975000 | U49: 0 | W49: 0 | Y49: 0 | AA49: =C49+E49+G49+K49+I49+M49+O49+Q49+S49+U49+W49+Y49 -> 40000000 | AB49: =D49+F49+H49+L49+J49+N49+P49+R49+T49+V49+X49+Z49 -> 50100000
A50: CASA DE YATES | B50: =250000*12 -> 3000000 | C50: =$B$50/12 -> 250000 | E50: =$B$50/12 -> 250000 | G50: =$B$50/12 -> 250000 | I50: =$B$50/12 -> 250000 | J50: 171522 | K50: =$B$50/12 -> 250000 | L50: 109740 | M50: =$B$50/12 -> 250000 | N50: 115870 | O50: =$B$50/12 -> 250000 | P50: 138280 | Q50: =$B$50/12 -> 250000 | R50: 158436 | S50: =$B$50/12 -> 250000 | T50: 120236 | U50: =$B$50/12 -> 250000 | W50: =$B$50/12 -> 250000 | Y50: =$B$50/12 -> 250000 | AA50: =C50+E50+G50+K50+I50+M50+O50+Q50+S50+U50+W50+Y50 -> 3000000 | AB50: =D50+F50+H50+L50+J50+N50+P50+R50+T50+V50+X50+Z50 -> 814084
A51: COMPLEJO DEP. | B51: =150000*9 -> 1350000 | C51: 0 | E51: 0 | G51: =$B$51/9 -> 150000 | I51: =$B$51/9 -> 150000 | J51: 0 | K51: =$B$51/9 -> 150000 | M51: =$B$51/9 -> 150000 | O51: =$B$51/9 -> 150000 | P51: =1278900+2563308 -> 3842208 | Q51: =$B$51/9 -> 150000 | R51: 485100 | S51: =$B$51/9 -> 150000 | T51: 352200 | U51: =$B$51/9 -> 150000 | W51: =$B$51/9 -> 150000 | Y51: 0 | AA51: =C51+E51+G51+K51+I51+M51+O51+Q51+S51+U51+W51+Y51 -> 1350000 | AB51: =D51+F51+H51+L51+J51+N51+P51+R51+T51+V51+X51+Z51 -> 4679508
A52: MATRÍCULA | B52: =(B38+B39+B40+G12)*C11 -> 106704000 | C52: =(B38+B39+B40+G12)*C11 -> 106704000 | D52: =($B$37+$B$38+$B$39+$B$40-159)*C11 -> 106002000 | E52: 0 | G52: 0 | I52: 0 | K52: 0 | M52: 0 | O52: 0 | P52: 0 | Q52: 0 | S52: 0 | T52: 0 | U52: 0 | W52: 0 | Y52: 0 | AA52: =C52+E52+G52+K52+I52+M52+O52+Q52+S52+U52+W52+Y52 -> 106704000 | AB52: =D52+F52+H52+L52+J52+N52+P52+R52+T52+V52+X52+Z52 -> 106002000
A53: SEGURO ESCOLAR 1ER AÑO | B53: =($B$37-$G$12)*C15 -> 13266500 | C53: =($B$37-$G$12)*C15 -> 13266500 | D53: =($B$37-$G$12-2)*C15 -> 13097500 | E53: 0 | F53: 0 | G53: 0 | H53: 0 | I53: 0 | J53: 0 | K53: 0 | L53: 0 | M53: 0 | N53: 0 | O53: 0 | P53: 0 | Q53: 0 | R53: 0 | S53: 0 | T53: 0 | U53: 0 | V53: 0 | W53: 0 | X53: 0 | Y53: 0 | Z53: 0 | AA53: =C53+E53+G53+K53+I53+M53+O53+Q53+S53+U53+W53+Y53 -> 13266500 | AB53: =D53+F53+H53+L53+J53+N53+P53+R53+T53+V53+X53+Z53 -> 13097500
A54: SEGURO PERMANENCIA 1ER AÑO | B54: =($B$37-$G$12)*$C$17 -> 11021400 | C54: =($B$37-$G$12)*$C$17 -> 11021400 | D54: =($B$37-$G$12-2)*C17 -> 10881000 | E54: 0 | F54: 0 | G54: 0 | H54: 0 | I54: 0 | J54: 0 | K54: 0 | L54: 0 | M54: 0 | N54: 0 | O54: 0 | P54: 0 | Q54: 0 | R54: 0 | S54: 0 | T54: 0 | U54: 0 | V54: 0 | W54: 0 | X54: 0 | Y54: 0 | Z54: 0 | AA54: =C54+E54+G54+K54+I54+M54+O54+Q54+S54+U54+W54+Y54 -> 11021400 | AB54: =D54+F54+H54+L54+J54+N54+P54+R54+T54+V54+X54+Z54 -> 10881000
A55: MATRICULA MOTES - EQUIPO INICIAL | B55: =(B37-G12)*C13 -> 489840000 | C55: =(B37-G12)*C13 -> 489840000 | D55: =(B37-G12)*C13 -> 489840000 | E55: 0 | F55: 0 | G55: 0 | H55: 0 | I55: 0 | J55: 0 | K55: 0 | L55: 0 | M55: 0 | N55: 0 | O55: 0 | P55: 0 | Q55: 0 | R55: 0 | S55: 0 | T55: 0 | U55: 0 | V55: 0 | W55: 0 | X55: 0 | Y55: 0 | Z55: 0 | AA55: =C55+E55+G55+K55+I55+M55+O55+Q55+S55+U55+W55+Y55 -> 489840000 | AB55: =D55+F55+H55+L55+J55+N55+P55+R55+T55+V55+X55+Z55 -> 489840000
A56: FOTOCOPIA | B56: 21000000 | C56: 0 | D56: 0 | E56: =$B$48/10 -> 3500000 | G56: =$B$48/10 -> 3500000 | I56: =$B$48/10 -> 3500000 | J56: 185480 | K56: =$B$48/10 -> 3500000 | L56: 49680 | M56: =$B$48/10 -> 3500000 | O56: =$B$48/10 -> 3500000 | P56: 53340 | Q56: =$B$48/10 -> 3500000 | R56: 100320 | S56: =$B$48/10 -> 3500000 | T56: 64120 | U56: =$B$48/10 -> 3500000 | W56: =$B$48/10 -> 3500000 | Y56: 0 | AA56: =C56+E56+G56+K56+I56+M56+O56+Q56+S56+U56+W56+Y56 -> 35000000 | AB56: =D56+F56+H56+L56+J56+N56+P56+R56+T56+V56+X56+Z56 -> 452940
A57: TOTAL CF 03 | B57: =SUM(B44:B56) -> 9.19379e+08 | C57: =SUM(C44:C56) -> 6.3944611e+08 | D57: =SUM(D44:D56) -> 619820500 | E57: =SUM(E44:E56) -> 219056638 | F57: =SUM(F44:F56) -> 205782788 | G57: =SUM(G44:G56) -> 218120478 | H57: =SUM(H44:H56) -> 199084693 | I57: =SUM(I44:I56) -> 2.2314563e+08 | ... AB57: =SUM(AB44:AB56) -> 2831184980
A58: DIFERENCIA CF03 | C58: =D57-C57 -> -19625610 | E58: =F57-E57 -> -13273850 | G58: =H57-G57 -> -19035785 | I58: =J57-I57 -> 7678414.3 | K58: =L57-K57 -> -3845516.7 | M58: =N57-M57 -> -14947324 | O58: =P57-O57 -> -11897938 | Q58: =R57-Q57 -> -6908681.9 | S58: =T57-S57 -> -23149698 | U58: =V57-U57 -> -24548348 | W58: =X57-W57 -> -3968000 | Y58: =Z57-Y57 -> 4898000 | AA58: =AB57-AA57 -> -1.2862434e+08
A59: ALUMNO | B59: =(B37+B38)*$G$5+(B39+B40)*G6 -> 81798820 | C59: =(($B$38-C38)*$G$5)+(($B$39+$B$40-C39-C40)*$G$6) -> 62559836 | D59: =(($B$38-D38)*$G$5)+(($B$39+$B$40-D39-D40)*$G$6) -> 63348890 | E59: =(($B$37-E37+$B$38-E38-C38)*$G$5)+($B$39+$B$40-C39-C40-E39-E40)*$G$6 -> 80181123 | F59: =(($B$37-F37+$B$38-F38-D38)*$G$5)+($B$39+$B$40-D39-D40-F39-F40)*$G$6 -> 80930588 | G59: =(($B$37-G37+$B$38-G38-E38-C38-E37)*$G$5)+($B$39+$B$40-E39-E40-G39-G40-C39-C40)*$G$6 -> 79855536 | H59: =(($B$37-H37+$B$38-H38-F38-D38-F37)*$G$5)+($B$39+$B$40-F39-F40-H39-H40-D39-D40)*$G$6 -> 80605001 | I59: =(($B$37-I37+$B$38-I38-G38-E38-G37-E37-C38)*$G$5)+($B$39+$B$40-G39-G40-I39-I40-E39-E40-C39-C40)*$G$6 -> 79243951 | J59: =(($B$37-J37+$B$38-J38-H38-F38-H37-F37-D38)*$G$5)+($B$39+$B$40-H39-H40-J39-J40-F39-F40-D39-D40)*$G$6 -> 80062356 | K59: =(($B$37-K37+$B$38-K38-I38-G38-I37-G37-E38-C38-E37)*$G$5)+($B$39+$B$40-I39-I40-K39-K40-G39-G40-E39-E40-C39-C40)*$G$6 -> 78632366 | L59: =(($B$37-L37+$B$38-L38-J38-H38-J37-H37-F38-D38-F37)*$G$5)+($B$39+$B$40-J39-J40-L39-L40-H39-H40-F39-F40-D39-D40)*$G$6 -> 79302653 | M59: =(($B$37-M37+$B$38-M38-K38-I38-K37-I37-G38-E38-G37-E37-C38)*$G$5)+($B$39+$B$40-K39-K40-M39-M40-I39-I40-G39-G40-E39-E40-C39-C40)*$G$6 -> 78020781 | N59: =(($B$37-N37+$B$38-N38-L38-J38-L37-J37-H38-F38-H37-F37-D38)*$G$5)+($B$39+$B$40-L39-L40-N39-N40-J39-J40-H39-H40-F39-F40-D39-D40)*$G$6 -> 78760008 | O59: =(($B$37-O37+$B$38-O38-M38-K38-M37-K37-I38-G38-I37-G37-E38-E37-C38)*$G$5)+($B$39+$B$40-M39-M40-O39-O40-K39-K40-I39-I40-G39-G40-E39-E40-C39-C40)*$G$6 -> 77409196 | P59: =(($B$37-P37+$B$38-P38-N38-L38-N37-L37-J38-H38-J37-H37-F38-F37-D38)*$G$5)+($B$39+$B$40-N39-N40-P39-P40-L39-L40-J39-J40-H39-H40-F39-F40-D39-D40)*$G$6 -> 78434421 | Q59: =(($B$37-Q37+$B$38-Q38-O38-M38-O37-M37-K38-I38-K37-I37-G38-G37-E38-E37-C38)*$G$5)+($B$39+$B$40-O39-O40-Q39-Q40-M39-M40-K39-K40-I39-I40-G39-G40-E39-E40-C39-C40)*$G$6 -> 76797611 | R59: =(($B$37-R37+$B$38-R38-P38-N38-P37-N37-L38-J38-L37-J37-H38-H37-F38-F37-D38)*$G$5)+($B$39+$B$40-P39-P40-R39-R40-N39-N40-L39-L40-J39-J40-H39-H40-F39-F40-D39-D40)*$G$6 -> 78108834 | S59: =(($B$37-S37+$B$38-S38-Q38-O38-Q37-O37-M38-K38-M37-K37-I38-I37-G38-G37-E38-E37-C38)*$G$5)+($B$39+$B$40-Q39-Q40-S39-S40-O39-O40-M39-M40-K39-K40-I39-I40-G39-G40-E39-E40-C39-C40)*$G$6 -> 76186026 | T59: =(($B$37-T37+$B$38-T38-R38-P38-R37-P37-N38-L38-N37-L37-J38-J37-H38-H37-F38-F37-D38)*$G$5)+($B$39+$B$40-R39-R40-T39-T40-P39-P40-N39-N40-L39-L40-J39-J40-H39-H40-F39-F40-D39-D40)*$G$6 -> 77783247 | U59: =(($B$37-U37+$B$38-U38-S38-Q38-S37-Q37-O38-M38-O37-M37-K38-K37-I38-I37-G38-G37-E38-E37-C38)*$G$5)+($B$39+$B$40-S39-S40-U39-U40-Q39-Q40-O39-O40-M39-M40-K39-K40-I39-I40-G39-G40-E39-E40-C39-C40)*$G$6 -> 75574441 | V59: =(($B$37-V37+$B$38-V38-T38-R38-T37-R37-P38-N38-P37-N37-L38-L37-J38-J37-H38-H37-F38-F37-D38)*$G$5)+($B$39+$B$40-T39-T40-V39-V40-R39-R40-P39-P40-N39-N40-L39-L40-J39-J40-H39-H40-F39-F40-D39-D40)*$G$6 -> 77783247 | W59: =(($B$37-W37+$B$38-W38-U38-S38-U37-S37-Q38-O38-Q37-O37-M38-M37-K38-K37-I38-I37-G38-G37-E38-E37-C38)*$G$5)+($B$39+$B$40-U39-U40-W39-W40-S39-S40-Q39-Q40-O39-O40-M39-M40-K39-K40-I39-I40-G39-G40-E39-E40-C39-C40)*$G$6 -> 74962856 | X59: =(($B$37-X37+$B$38-X38-V38-T38-V37-T37-R38-P38-R37-P37-N38-N37-L38-L37-J38-J37-H38-H37-F38-F37-D38)*$G$5)+($B$39+$B$40-V39-V40-X39-X40-T39-T40-R39-R40-P39-P40-N39-N40-L39-L40-J39-J40-H39-H40-F39-F40-D39-D40)*$G$6 -> 77783247 | Y59: =(($B$37-Y37+$B$38-Y38-W38-U38-W37-U37-S38-Q38-S37-Q37-O38-O37-M38-M37-K38-K37-I38-I37-G38-G37-E38-E37-C38)*$G$5)+($B$39+$B$40-W39-W40-Y39-Y40-U39-U40-S39-S40-Q39-Q40-O39-O40-M39-M40-K39-K40-I39-I40-G39-G40-E39-E40-C39-C40)*$G$6 -> 74351271 | Z59: =(($B$37-Z37+$B$38-Z38-X38-V38-X37-V37-T38-R38-T37-R37-P38-P37-N38-N37-L38-L37-J38-J37-H38-H37-F38-F37-D38)*$G$5)+($B$39+$B$40-X39-X40-Z39-Z40-V39-V40-T39-T40-R39-R40-P39-P40-N39-N40-L39-L40-J39-J40-H39-H40-F39-F40-D39-D40)*$G$6 -> 77783247 | AA59: =C59+E59+G59+K59+I59+M59+O59+Q59+S59+U59+W59+Y59 -> 913774994 | AB59: =D59+F59+H59+L59+J59+N59+P59+R59+T59+V59+X59+Z59 -> 930685739
A60: DIFERENCIA CF10 | C60: =D59-C59 -> 789054 | E60: =F59-E59 -> 749465 | G60: =H59-G59 -> 749465 | I60: =J59-I59 -> 818405 | K60: =L59-K59 -> 670287 | M60: =N59-M59 -> 739227 | O60: =P59-O59 -> 1025225 | Q60: =R59-Q59 -> 1311223 | S60: =T59-S59 -> 1597221 | U60: =V59-U59 -> 2208806 | W60: =X59-W59 -> 2820391 | Y60: =Z59-Y59 -> 3431976 | AA60: =AB59-AA59 -> 16910745
B67: PAOLA VALDÉS LÓPEZ | L67: CARLOS AGUIRRE RAMÍREZ | W67: RODOLFO CIFUENTES VELÁSQUEZ
B68: PAC GDO. 9 FUNC ADM. | L68: PAC GDO. 7 CONT.AUD. | W68: EC GDO 10 CONT.AUD.
B69: TESORERO CENFIN 3 | L69: TESORERO CENFIN 10 | W69: JEFE DIVISIÓN FINANZAS
B75: CRISTÓBAL MELKONIAN ID | L75: PABLO UGARTE BENAVIDES | W75: JUAN PABLO CASTRO BRAHM
B76: CAPITÁN DE CORBETA AB | L76: CAPITÁN DE FRAGATA | W76: CAPITÁN DE NAVÍO
B77: JEFE DEPTO. ABASTECIMIENTO Y FZAS | L77: SUBDIRECTOR | W77: DIRECTOR DE LA ESCUELA NAVAL "A.P."

Sheet REGISTRO DE RETIROS
B2: RETIROS Y PERMANENCIA
F4: RESUMEN UTM POR AÑOS DE PERMANENCIA POR MES
F5: MES | G5: 0.5 | H5: 1 | I5: 2 | J5: 3 | K5: 4 | L5: 5 | M5: 6 | N5: TOTAL UTM MES
F6: ENERO | G6: =SUMIFS($J$24:$J$65,$H$24:$H$65,$F6,$I$24:$I$65,$G$5) -> 0 | H6: =SUMIFS($J$24:$J$65,$H$24:$H$65,$F6,$I$24:$I$65,$H$5) -> 0 | I6: =SUMIFS($J$24:$J$65,$H$24:$H$65,$F6,$I$24:$I$65,$I$5) -> 0 | J6: =SUMIFS($J$24:$J$65,$H$24:$H$65,$F6,$I$24:$I$65,$J$5) -> 0 | K6: =SUMIFS($J$24:$J$65,$H$24:$H$65,$F6,$I$24:$I$65,$K$5) -> 0 | L6: =SUMIFS($J$24:$J$65,$H$24:$H$65,$F6,$I$24:$I$65,$L$5) -> 0 | M6: =SUMIFS($J$24:$J$65,$H$24:$H$65,$F6,$I$24:$I$65,$M$5) -> 0 | N6: =SUM(H6:M6) -> 0
F7: FEBRERO | G7: =SUMIFS($J$24:$J$65,$H$24:$H$65,$F7,$I$24:$I$65,$G$5) -> 0 | H7: =SUMIFS($J$24:$J$65,$H$24:$H$65,$F7,$I$24:$I$65,$H$5) -> 0 | I7: =SUMIFS($J$24:$J$65,$H$24:$H$65,$F7,$I$24:$I$65,$I$5) -> 128 | J7: =SUMIFS($J$24:$J$65,$H$24:$H$65,$F7,$I$24:$I$65,$J$5) -> 0 | K7: =SUMIFS($J$24:$J$65,$H$24:$H$65,$F7,$I$24:$I$65,$K$5) -> 0 | L7: =SUMIFS($J$24:$J$65,$H$24:$H$65,$F7,$I$24:$I$65,$L$5) -> 0 | M7: =SUMIFS($J$24:$J$65,$H$24:$H$65,$F7,$I$24:$I$65,$M$5) -> 0 | N7: =SUM(G7:M7) -> 128
F8: MARZO | G8: =SUMIFS($J$24:$J$65,$H$24:$H$65,$F8,$I$24:$I$65,$G$5) -> 20 | H8: =SUMIFS($J$24:$J$65,$H$24:$H$65,$F8,$I$24:$I$65,$H$5) -> 0 | I8: =SUMIFS($J$24:$J$65,$H$24:$H$65,$F8,$I$24:$I$65,$I$5) -> 0 | J8: =SUMIFS($J$24:$J$65,$H$24:$H$65,$F8,$I$24:$I$65,$J$5) -> 0 | K8: =SUMIFS($J$24:$J$65,$H$24:$H$65,$F8,$I$24:$I$65,$K$5) -> 0 | L8: =SUMIFS($J$24:$J$65,$H$24:$H$65,$F8,$I$24:$I$65,$L$5) -> 0 | M8: =SUMIFS($J$24:$J$65,$H$24:$H$65,$F8,$I$24:$I$65,$M$5) -> 0 | N8: =SUM(G8:M8) -> 20
F9: ABRIL | G9: =SUMIFS($J$24:$J$65,$H$24:$H$65,$F9,$I$24:$I$65,$G$5) -> 60 | H9: =SUMIFS($J$24:$J$65,$H$24:$H$65,$F9,$I$24:$I$65,$H$5) -> 0 | I9: =SUMIFS($J$24:$J$65,$H$24:$H$65,$F9,$I$24:$I$65,$I$5) -> 128 | J9: =SUMIFS($J$24:$J$65,$H$24:$H$65,$F9,$I$24:$I$65,$J$5) -> 0 | K9: =SUMIFS($J$24:$J$65,$H$24:$H$65,$F9,$I$24:$I$65,$K$5) -> 0 | L9: =SUMIFS($J$24:$J$65,$H$24:$H$65,$F9,$I$24:$I$65,$L$5) -> 0 | M9: =SUMIFS($J$24:$J$65,$H$24:$H$65,$F9,$I$24:$I$65,$M$5) -> 0 | N9: =SUM(G9:M9) -> 188
F10: MAYO | G10: =SUMIFS($J$24:$J$65,$H$24:$H$65,$F10,$I$24:$I$65,$G$5) -> 120 | H10: =SUMIFS($J$24:$J$65,$H$24:$H$65,$F10,$I$24:$I$65,$H$5) -> 0 | I10: =SUMIFS($J$24:$J$65,$H$24:$H$65,$F10,$I$24:$I$65,$I$5) -> 64 | J10: =SUMIFS($J$24:$J$65,$H$24:$H$65,$F10,$I$24:$I$65,$J$5) -> 0 | K10: =SUMIFS($J$24:$J$65,$H$24:$H$65,$F10,$I$24:$I$65,$K$5) -> 0 | L10: =SUMIFS($J$24:$J$65,$H$24:$H$65,$F10,$I$24:$I$65,$L$5) -> 0 | M10: =SUMIFS($J$24:$J$65,$H$24:$H$65,$F10,$I$24:$I$65,$M$5) -> 0 | N10: =SUM(G10:M10) -> 184
F11: JUNIO | G11: =SUMIFS($J$24:$J$65,$H$24:$H$65,$F11,$I$24:$I$65,$G$5) -> 80 | H11: =SUMIFS($J$24:$J$65,$H$24:$H$65,$F11,$I$24:$I$65,$H$5) -> 0 | I11: =SUMIFS($J$24:$J$65,$H$24:$H$65,$F11,$I$24:$I$65,$I$5) -> 0 | J11: =SUMIFS($J$24:$J$65,$H$24:$H$65,$F11,$I$24:$I$65,$J$5) -> 69 | K11: =SUMIFS($J$24:$J$65,$H$24:$H$65,$F11,$I$24:$I$65,$K$5) -> 0 | L11: =SUMIFS($J$24:$J$65,$H$24:$H$65,$F11,$I$24:$I$65,$L$5) -> 0 | M11: =SUMIFS($J$24:$J$65,$H$24:$H$65,$F11,$I$24:$I$65,$M$5) -> 0 | N11: =SUM(G11:M11) -> 149
F12: JULIO | G12: =SUMIFS($J$24:$J$65,$H$24:$H$65,$F12,$I$24:$I$65,$G$5) -> 0 | H12: =SUMIFS($J$24:$J$65,$H$24:$H$65,$F12,$I$24:$I$65,$H$5) -> 118 | I12: =SUMIFS($J$24:$J$65,$H$24:$H$65,$F12,$I$24:$I$65,$I$5) -> 0 | J12: =SUMIFS($J$24:$J$65,$H$24:$H$65,$F12,$I$24:$I$65,$J$5) -> 0 | K12: =SUMIFS($J$24:$J$65,$H$24:$H$65,$F12,$I$24:$I$65,$K$5) -> 0 | L12: =SUMIFS($J$24:$J$65,$H$24:$H$65,$F12,$I$24:$I$65,$L$5) -> 0 | M12: =SUMIFS($J$24:$J$65,$H$24:$H$65,$F12,$I$24:$I$65,$M$5) -> 0 | N12: =SUM(G12:M12) -> 118
F13: AGOSTO | G13: =SUMIFS($J$24:$J$65,$H$24:$H$65,$F13,$I$24:$I$65,$G$5) -> 0 | H13: =SUMIFS($J$24:$J$65,$H$24:$H$65,$F13,$I$24:$I$65,$H$5) -> 118 | I13: =SUMIFS($J$24:$J$65,$H$24:$H$65,$F13,$I$24:$I$65,$I$5) -> 0 | J13: =SUMIFS($J$24:$J$65,$H$24:$H$65,$F13,$I$24:$I$65,$J$5) -> 0 | K13: =SUMIFS($J$24:$J$65,$H$24:$H$65,$F13,$I$24:$I$65,$K$5) -> 0 | L13: =SUMIFS($J$24:$J$65,$H$24:$H$65,$F13,$I$24:$I$65,$L$5) -> 0 | M13: =SUMIFS($J$24:$J$65,$H$24:$H$65,$F13,$I$24:$I$65,$M$5) -> 0 | N13: =SUM(G13:M13) -> 118
F14: SEPTIEMBRE | G14: =SUMIFS($J$24:$J$65,$H$24:$H$65,$F14,$I$24:$I$65,$G$5) -> 0 | H14: =SUMIFS($J$24:$J$65,$H$24:$H$65,$F14,$I$24:$I$65,$H$5) -> 0 | I14: =SUMIFS($J$24:$J$65,$H$24:$H$65,$F14,$I$24:$I$65,$I$5) -> 0 | J14: =SUMIFS($J$24:$J$65,$H$24:$H$65,$F14,$I$24:$I$65,$J$5) -> 0 | K14: =SUMIFS($J$24:$J$65,$H$24:$H$65,$F14,$I$24:$I$65,$K$5) -> 0 | L14: =SUMIFS($J$24:$J$65,$H$24:$H$65,$F14,$I$24:$I$65,$L$5) -> 0 | M14: =SUMIFS($J$24:$J$65,$H$24:$H$65,$F14,$I$24:$I$65,$M$5) -> 0 | N14: =SUM(G14:M14) -> 0
F15: OCTUBRE | G15: =SUMIFS($J$24:$J$65,$H$24:$H$65,$F15,$I$24:$I$65,$G$5) -> 0 | H15: =SUMIFS($J$24:$J$65,$H$24:$H$65,$F15,$I$24:$I$65,$H$5) -> 0 | I15: =SUMIFS($J$24:$J$65,$H$24:$H$65,$F15,$I$24:$I$65,$I$5) -> 0 | J15: =SUMIFS($J$24:$J$65,$H$24:$H$65,$F15,$I$24:$I$65,$J$5) -> 0 | K15: =SUMIFS($J$24:$J$65,$H$24:$H$65,$F15,$I$24:$I$65,$K$5) -> 0 | L15: =SUMIFS($J$24:$J$65,$H$24:$H$65,$F15,$I$24:$I$65,$L$5) -> 0 | M15: =SUMIFS($J$24:$J$65,$H$24:$H$65,$F15,$I$24:$I$65,$M$5) -> 0 | N15: =SUM(G15:M15) -> 0
F16: NOVIEMBRE | G16: =SUMIFS($J$24:$J$65,$H$24:$H$65,$F16,$I$24:$I$65,$G$5) -> 0 | H16: =SUMIFS($J$24:$J$65,$H$24:$H$65,$F16,$I$24:$I$65,$H$5) -> 0 | I16: =SUMIFS($J$24:$J$65,$H$24:$H$65,$F16,$I$24:$I$65,$I$5) -> 0 | J16: =SUMIFS($J$24:$J$65,$H$24:$H$65,$F16,$I$24:$I$65,$J$5) -> 0 | K16: =SUMIFS($J$24:$J$65,$H$24:$H$65,$F16,$I$24:$I$65,$K$5) -> 0 | L16: =SUMIFS($J$24:$J$65,$H$24:$H$65,$F16,$I$24:$I$65,$L$5) -> 0 | M16: =SUMIFS($J$24:$J$65,$H$24:$H$65,$F16,$I$24:$I$65,$M$5) -> 0 | N16: =SUM(G16:M16) -> 0
F17: DICIEMBRE | G17: =SUMIFS($J$24:$J$65,$H$24:$H$65,$F17,$I$24:$I$65,$G$5) -> 0 | H17: =SUMIFS($J$24:$J$65,$H$24:$H$65,$F17,$I$24:$I$65,$H$5) -> 0 | I17: =SUMIFS($J$24:$J$65,$H$24:$H$65,$F17,$I$24:$I$65,$I$5) -> 0 | J17: =SUMIFS($J$24:$J$65,$H$24:$H$65,$F17,$I$24:$I$65,$J$5) -> 0 | K17: =SUMIFS($J$24:$J$65,$H$24:$H$65,$F17,$I$24:$I$65,$K$5) -> 0 | L17: =SUMIFS($J$24:$J$65,$H$24:$H$65,$F17,$I$24:$I$65,$L$5) -> 0 | M17: =SUMIFS($J$24:$J$65,$H$24:$H$65,$F17,$I$24:$I$65,$M$5) -> 0 | N17: =SUM(G17:M17) -> 0
B22: RETIROS | J22: =COUNTA(F24:F83) -> 34 | L22: INGRESOS POR SEGURO
B23: N° | C23: CSO | D23: NRO | E23: SEXO | F23: APELLIDO Y NOMBRE | G23: FECHA RETIRO | H23: MES | I23: AÑOS DE PERMANENCIA | J23: UF | L23: NIVELES | M23: CÓD. | N23: UTM
B24: 1 | C24: =VLOOKUP(F24,CADETES!$B:$G,6,FALSE) -> 1E | D24: =VLOOKUP(F24,CADETES!$B:$E,4,FALSE) -> 347 | E24: =VLOOKUP(F24,CADETES!$B:$H,7,FALSE) -> M | F24: BENAVIDES SOUGARRET MATIAS IGNACIO | G24: 45688 | H24: FEBRERO | I24: 0 | J24: =VLOOKUP(I24,M:N,2,FALSE) -> 0 | L24: <15 DIAS | M24: 0 | N24: 0
B25: 2 | C25: =VLOOKUP(F25,CADETES!$B:$G,6,FALSE) -> 1K | D25: =VLOOKUP(F25,CADETES!$B:$E,4,FALSE) -> 376 | E25: =VLOOKUP(F25,CADETES!$B:$H,7,FALSE) -> F | F25: CASTRO PALOMO ANDREA | G25: 45694 | H25: FEBRERO | I25: 0 | J25: =VLOOKUP(I25,M:N,2,FALSE) -> 0 | L25: 1° I | M25: 0.5 | N25: 20
B26: 3 | C26: =VLOOKUP(F26,CADETES!$B:$G,6,FALSE) -> 1K | D26: =VLOOKUP(F26,CADETES!$B:$E,4,FALSE) -> 486 | E26: =VLOOKUP(F26,CADETES!$B:$H,7,FALSE) -> M | F26: ALLAMAND DARRIGRANDI JUAN DOMINGO | G26: 45695 | H26: FEBRERO | I26: 0 | J26: =VLOOKUP(I26,M:N,2,FALSE) -> 0 | L26: 1° II | M26: 1 | N26: 59
B27: 4 | C27: =VLOOKUP(F27,CADETES!$B:$G,6,FALSE) -> 1K | D27: =VLOOKUP(F27,CADETES!$B:$E,4,FALSE) -> 448 | E27: =VLOOKUP(F27,CADETES!$B:$H,7,FALSE) -> M | F27: BARCKHAHN BERRIOS PABLO ARNOLDO | G27: 45695 | H27: FEBRERO | I27: 0 | J27: =VLOOKUP(I27,M:N,2,FALSE) -> 0 | L27: 2° | M27: 2 | N27: 64
B28: 5 | C28: =VLOOKUP(F28,CADETES!$B:$G,6,FALSE) -> 1H | D28: =VLOOKUP(F28,CADETES!$B:$E,4,FALSE) -> 417 | E28: =VLOOKUP(F28,CADETES!$B:$H,7,FALSE) -> M | F28: PÉREZ ALARCÓN MARTÍN FERNANDO | G28: 45695 | H28: FEBRERO | I28: 0 | J28: =VLOOKUP(I28,M:N,2,FALSE) -> 0 | L28: 3° | M28: 3 | N28: 69
B29: 6 | C29: =VLOOKUP(F29,CADETES!$B:$G,6,FALSE) -> 1H | D29: =VLOOKUP(F29,CADETES!$B:$E,4,FALSE) -> 485 | E29: =VLOOKUP(F29,CADETES!$B:$H,7,FALSE) -> M | F29: ZAMORA SOTO FERNANDO ESTEBAN | G29: 45700 | H29: FEBRERO | I29: 0 | J29: =VLOOKUP(I29,M:N,2,FALSE) -> 0 | L29: 4° | M29: 4 | N29: 74
B30: 7 | C30: =VLOOKUP(F30,CADETES!$B:$G,6,FALSE) -> 1C | D30: =VLOOKUP(F30,CADETES!$B:$E,4,FALSE) -> 352 | E30: =VLOOKUP(F30,CADETES!$B:$H,7,FALSE) -> M | F30: SEPÚLVEDA ARANCIBIA LUCAS | G30: 45705 | H30: FEBRERO | I30: 0 | J30: =VLOOKUP(I30,M:N,2,FALSE) -> 0 | L30: 5° | M30: 5 | N30: 79
A31: COBRO FEB | B31: 8 | C31: =VLOOKUP(F31,CADETES!$B:$G,6,FALSE) -> 2I | D31: =VLOOKUP(F31,CADETES!$B:$E,4,FALSE) -> 33 | E31: =VLOOKUP(F31,CADETES!$B:$H,7,FALSE) -> M | F31: QUEZADA DEVOTO BENJAMÍN | G31: 45705 | H31: FEBRERO | I31: 2 | J31: =VLOOKUP(I31,M:N,2,FALSE) -> 64 | L31: 6° | M31: 6 | N31: 84
B32: 9 | C32: =VLOOKUP(F32,CADETES!$B:$G,6,FALSE) -> 2B | D32: =VLOOKUP(F32,CADETES!$B:$E,4,FALSE) -> 9 | E32: =VLOOKUP(F32,CADETES!$B:$H,7,FALSE) -> M | F32: HURTADO VIAL FELIPE | G32: 45708 | H32: FEBRERO | I32: 2 | J32: =VLOOKUP(I32,M:N,2,FALSE) -> 64 | L32: TOTAL
B33: 10 | C33: =VLOOKUP(F33,CADETES!$B:$G,6,FALSE) -> 1C | D33: =VLOOKUP(F33,CADETES!$B:$E,4,FALSE) -> 321 | E33: =VLOOKUP(F33,CADETES!$B:$H,7,FALSE) -> M | F33: GUAGAMA GARAY ANTONIO | G33: 45727 | H33: MARZO | I33: 0.5 | J33: =VLOOKUP(I33,M:N,2,FALSE) -> 20
A34: COBRO MAR | B34: 11 | C34: =VLOOKUP(F34,CADETES!$B:$G,6,FALSE) -> 1H | D34: =VLOOKUP(F34,CADETES!$B:$E,4,FALSE) -> 295 | E34: =VLOOKUP(F34,CADETES!$B:$H,7,FALSE) -> F | F34: BADILLA GALLARDO FLORENCIA | G34: 45754 | H34: ABRIL | I34: 0.5 | J34: =VLOOKUP(I34,M:N,2,FALSE) -> 20
B35: 12 | C35: =VLOOKUP(F35,CADETES!$B:$G,6,FALSE) -> 1B | D35: =VLOOKUP(F35,CADETES!$B:$E,4,FALSE) -> 61 | E35: =VLOOKUP(F35,CADETES!$B:$H,7,FALSE) -> F | F35: CHIRINO ACEVEDO MAYTE | G35: 45749 | H35: ABRIL | I35: 0.5 | J35: =VLOOKUP(I35,M:N,2,FALSE) -> 20
B36: 13 | C36: =VLOOKUP(F36,CADETES!$B:$G,6,FALSE) -> 1C | D36: =VLOOKUP(F36,CADETES!$B:$E,4,FALSE) -> 173 | E36: =VLOOKUP(F36,CADETES!$B:$H,7,FALSE) -> M | F36: PRECHT ARANEDA TOMÁS ANDRES | G36: 45758 | H36: ABRIL | I36: 0.5 | J36: =VLOOKUP(I36,M:N,2,FALSE) -> 20
A37: COBRO ABR | B37: 14 | C37: =VLOOKUP(F37,CADETES!$B:$G,6,FALSE) -> 1K | D37: =VLOOKUP(F37,CADETES!$B:$E,4,FALSE) -> 311 | E37: =VLOOKUP(F37,CADETES!$B:$H,7,FALSE) -> M | F37: ORELLANA TRENCH MARTÍN | G37: 45768 | H37: ABRIL | I37: 2 | J37: =VLOOKUP(I37,M:N,2,FALSE) -> 64
B38: 15 | C38: =VLOOKUP(F38,CADETES!$B:$G,6,FALSE) -> 1A | D38: =VLOOKUP(F38,CADETES!$B:$E,4,FALSE) -> 333 | E38: =VLOOKUP(F38,CADETES!$B:$H,7,FALSE) -> F | F38: ANDULCE PAVEZ IGNACIA PAMELA | G38: 45775 | H38: ABRIL | I38: 2 | J38: =VLOOKUP(I38,M:N,2,FALSE) -> 64
B39: 16 | C39: =VLOOKUP(F39,CADETES!$B:$G,6,FALSE) -> 2L | D39: =VLOOKUP(F39,CADETES!$B:$E,4,FALSE) -> 299 | E39: =VLOOKUP(F39,CADETES!$B:$H,7,FALSE) -> F | F39: ALVEAR GONZÁLEZ IVÓN | G39: 45781 | H39: FEBRERO | I39: 0 | J39: =VLOOKUP(I39,M:N,2,FALSE) -> 0 | L39: EXIMICIÓN colegiaturas febrero a abril - PAGO RES. ORD. N°10200/03/64 DE 14 MAYO 2025
B40: 17 | C40: =VLOOKUP(F40,CADETES!$B:$G,6,FALSE) -> 1H | D40: =VLOOKUP(F40,CADETES!$B:$E,4,FALSE) -> 97 | E40: =VLOOKUP(F40,CADETES!$B:$H,7,FALSE) -> M | F40: ÁLVAREZ DURÁN JUAN CRISTÓBAL HERNÁN | G40: 45782 | H40: MAYO | I40: 0.5 | J40: =VLOOKUP(I40,M:N,2,FALSE) -> 20
B41: 18 | C41: =VLOOKUP(F41,CADETES!$B:$G,6,FALSE) -> 1K | D41: =VLOOKUP(F41,CADETES!$B:$E,4,FALSE) -> 286 | E41: =VLOOKUP(F41,CADETES!$B:$H,7,FALSE) -> M | F41: GARCÍA CONTADOR RODRIGO ANDRÉS | G41: 45782 | H41: MAYO | I41: 0.5 | J41: =VLOOKUP(I41,M:N,2,FALSE) -> 20
B42: 19 | C42: =VLOOKUP(F42,CADETES!$B:$G,6,FALSE) -> 1B | D42: =VLOOKUP(F42,CADETES!$B:$E,4,FALSE) -> 490 | E42: =VLOOKUP(F42,CADETES!$B:$H,7,FALSE) -> M | F42: MERCADO LAZZERINI JAVIER | G42: 45782 | H42: MAYO | I42: 0.5 | J42: =VLOOKUP(I42,M:N,2,FALSE) -> 20
B43: 20 | C43: =VLOOKUP(F43,CADETES!$B:$G,6,FALSE) -> 1B | D43: =VLOOKUP(F43,CADETES!$B:$E,4,FALSE) -> 60 | E43: =VLOOKUP(F43,CADETES!$B:$H,7,FALSE) -> F | F43: MELENDEZ DE LA ROSA HELEN | G43: 45782 | H43: MAYO | I43: 0.5 | J43: =VLOOKUP(I43,M:N,2,FALSE) -> 20
B44: 21 | C44: =VLOOKUP(F44,CADETES!$B:$G,6,FALSE) -> 1E | D44: =VLOOKUP(F44,CADETES!$B:$E,4,FALSE) -> 233 | E44: =VLOOKUP(F44,CADETES!$B:$H,7,FALSE) -> M | F44: SPENCER SUAREZ JOAQUÍN AGUSTÍN | G44: 45785 | H44: MAYO | I44: 0.5 | J44: =VLOOKUP(I44,M:N,2,FALSE) -> 20
A45: COBRO MAY | B45: 22 | C45: =VLOOKUP(F45,CADETES!$B:$G,6,FALSE) -> 1A | D45: =VLOOKUP(F45,CADETES!$B:$E,4,FALSE) -> 272 | E45: =VLOOKUP(F45,CADETES!$B:$H,7,FALSE) -> M | F45: BORCOSKI ZILLERUELO FERNANDO TOMÁS | G45: 45792 | H45: MAYO | I45: 0.5 | J45: =VLOOKUP(I45,M:N,2,FALSE) -> 20
B46: 23 | C46: =VLOOKUP(F46,CADETES!$B:$G,6,FALSE) -> 2A | D46: =VLOOKUP(F46,CADETES!$B:$E,4,FALSE) -> 214 | E46: =VLOOKUP(F46,CADETES!$B:$H,7,FALSE) -> M | F46: ASTUDILLO BERRÍOS GONZALO | G46: 45803 | H46: MAYO | I46: 2 | J46: =VLOOKUP(I46,M:N,2,FALSE) -> 64
B47: 24 | C47: =VLOOKUP(F47,CADETES!$B:$G,6,FALSE) -> 1E | D47: =VLOOKUP(F47,CADETES!$B:$E,4,FALSE) -> 450 | E47: =VLOOKUP(F47,CADETES!$B:$H,7,FALSE) -> M | F47: BADILLA ECHEVERRIA VITTORIO ALFREDO | G47: 45812 | H47: JUNIO | I47: 0.5 | J47: =VLOOKUP(I47,M:N,2,FALSE) -> 20
B48: 25 | C48: =VLOOKUP(F48,CADETES!$B:$G,6,FALSE) -> 1C | D48: =VLOOKUP(F48,CADETES!$B:$E,4,FALSE) -> 58 | E48: =VLOOKUP(F48,CADETES!$B:$H,7,FALSE) -> M | F48: MIRANDA UGARTE DOMINGO | G48: 45812 | H48: JUNIO | I48: 0.5 | J48: =VLOOKUP(I48,M:N,2,FALSE) -> 20
B49: 26 | C49: =VLOOKUP(F49,CADETES!$B:$G,6,FALSE) -> 1B | D49: =VLOOKUP(F49,CADETES!$B:$E,4,FALSE) -> 174 | E49: =VLOOKUP(F49,CADETES!$B:$H,7,FALSE) -> F | F49: SANDOVAL CID PAZ IGNACIA | G49: 45812 | H49: JUNIO | I49: 0.5 | J49: =VLOOKUP(I49,M:N,2,FALSE) -> 20
A50: COBRO JUN | B50: 27 | C50: =VLOOKUP(F50,CADETES!$B:$G,6,FALSE) -> 2C | D50: =VLOOKUP(F50,CADETES!$B:$E,4,FALSE) -> 156 | E50: =VLOOKUP(F50,CADETES!$B:$H,7,FALSE) -> M | F50: DONOSO PÉREZ BENJAMIN IGNACIO | G50: 45820 | H50: JUNIO | I50: 3 | J50: =VLOOKUP(I50,M:N,2,FALSE) -> 69
B51: 28 | C51: =VLOOKUP(F51,CADETES!$B:$G,6,FALSE) -> 1H | D51: =VLOOKUP(F51,CADETES!$B:$E,4,FALSE) -> 446 | E51: =VLOOKUP(F51,CADETES!$B:$H,7,FALSE) -> M | F51: HENRIQUEZ ALCAINO BENJAMIN | G51: 45820 | H51: JUNIO | I51: 0.5 | J51: =VLOOKUP(I51,M:N,2,FALSE) -> 20
B52: 29 | C52: =VLOOKUP(F52,CADETES!$B:$G,6,FALSE) -> 1H | D52: =VLOOKUP(F52,CADETES!$B:$E,4,FALSE) -> 306 | E52: =VLOOKUP(F52,CADETES!$B:$H,7,FALSE) -> M | F52: COX MACAYA FELIPE ANDRÉS | G52: 45831 | H52: JUNIO | I52: 0 | J52: =VLOOKUP(I52,M:N,2,FALSE) -> 0 | L52: COSAN Y POR CONSEJO 16 DE JUNIO NO COBRAR COLEGIATURA ABRIL A JUNIO
B53: 30 | C53: =VLOOKUP(F53,CADETES!$B:$G,6,FALSE) -> 1A | D53: =VLOOKUP(F53,CADETES!$B:$E,4,FALSE) -> 496 | E53: =VLOOKUP(F53,CADETES!$B:$H,7,FALSE) -> M | F53: INZUNZA QUINTEROS FELIPE IGNACIO | G53: 45842 | H53: JULIO | I53: 0 | J53: =VLOOKUP(I53,M:N,2,FALSE) -> 0 | L53: COSAN Y POR CONSEJO 16 DE JUNIO NO COBRAR COLEGIATURA ABRIL A JUNIO
B54: 31 | C54: =VLOOKUP(F54,CADETES!$B:$G,6,FALSE) -> 1A | D54: =VLOOKUP(F54,CADETES!$B:$E,4,FALSE) -> 126 | E54: =VLOOKUP(F54,CADETES!$B:$H,7,FALSE) -> F | F54: AGUAYO CHACÓN MARÍA JOSEFA | G54: 45848 | H54: JULIO | I54: 1 | J54: =VLOOKUP(I54,M:N,2,FALSE) -> 59
A55: COBRO JUL | B55: 32 | C55: =VLOOKUP(F55,CADETES!$B:$G,6,FALSE) -> 1E | D55: =VLOOKUP(F55,CADETES!$B:$E,4,FALSE) -> 491 | E55: =VLOOKUP(F55,CADETES!$B:$H,7,FALSE) -> M | F55: ÁLVAREZ HERRERA MARTÍN | G55: 45861 | H55: JULIO | I55: 1 | J55: =VLOOKUP(I55,M:N,2,FALSE) -> 59
A56: COBRO AGO | B56: 33 | C56: =VLOOKUP(F56,CADETES!$B:$G,6,FALSE) -> 1E | D56: =VLOOKUP(F56,CADETES!$B:$E,4,FALSE) -> 433 | E56: =VLOOKUP(F56,CADETES!$B:$H,7,FALSE) -> M | F56: TIZNADO GARCÉS CRISTIAN | G56: 45883 | H56: AGOSTO | I56: 1 | J56: =VLOOKUP(I56,M:N,2,FALSE) -> 59
B57: 34 | C57: =VLOOKUP(F57,CADETES!$B:$G,6,FALSE) -> 1D | D57: =VLOOKUP(F57,CADETES!$B:$E,4,FALSE) -> 444 | E57: =VLOOKUP(F57,CADETES!$B:$H,7,FALSE) -> M | F57: HERRERA DUARTE IGNACIO | G57: 45891 | H57: AGOSTO | I57: 1 | J57: =VLOOKUP(I57,M:N,2,FALSE) -> 59
B58: 35 | C58: =VLOOKUP(F58,CADETES!$B:$G,6,FALSE) -> #N/A | D58: =VLOOKUP(F58,CADETES!$B:$E,4,FALSE) -> #N/A | E58: =VLOOKUP(F58,CADETES!$B:$H,7,FALSE) -> #N/A | J58: =VLOOKUP(I58,M:N,2,FALSE) -> 0
B59: 36 | C59: =VLOOKUP(F59,CADETES!$B:$G,6,FALSE) -> #N/A | D59: =VLOOKUP(F59,CADETES!$B:$E,4,FALSE) -> #N/A | E59: =VLOOKUP(F59,CADETES!$B:$H,7,FALSE) -> #N/A | J59: =VLOOKUP(I59,M:N,2,FALSE) -> 0
B60: 37 | C60: =VLOOKUP(F60,CADETES!$B:$G,6,FALSE) -> #N/A | D60: =VLOOKUP(F60,CADETES!$B:$E,4,FALSE) -> #N/A | E60: =VLOOKUP(F60,CADETES!$B:$H,7,FALSE) -> #N/A | J60: =VLOOKUP(I60,M:N,2,FALSE) -> 0
B61: 38 | C61: =VLOOKUP(F61,CADETES!$B:$G,6,FALSE) -> #N/A | D61: =VLOOKUP(F61,CADETES!$B:$E,4,FALSE) -> #N/A | E61: =VLOOKUP(F61,CADETES!$B:$H,7,FALSE) -> #N/A | J61: =VLOOKUP(I61,M:N,2,FALSE) -> 0
B62: 39 | C62: =VLOOKUP(F62,CADETES!$B:$G,6,FALSE) -> #N/A | D62: =VLOOKUP(F62,CADETES!$B:$E,4,FALSE) -> #N/A | E62: =VLOOKUP(F62,CADETES!$B:$H,7,FALSE) -> #N/A | J62: =VLOOKUP(I62,M:N,2,FALSE) -> 0
B63: 40 | C63: =VLOOKUP(F63,CADETES!$B:$G,6,FALSE) -> #N/A | D63: =VLOOKUP(F63,CADETES!$B:$E,4,FALSE) -> #N/A | E63: =VLOOKUP(F63,CADETES!$B:$H,7,FALSE) -> #N/A | J63: =VLOOKUP(I63,M:N,2,FALSE) -> 0
B64: 41 | C64: =VLOOKUP(F64,CADETES!$B:$G,6,FALSE) -> #N/A | D64: =VLOOKUP(F64,CADETES!$B:$E,4,FALSE) -> #N/A | E64: =VLOOKUP(F64,CADETES!$B:$H,7,FALSE) -> #N/A | J64: =VLOOKUP(I64,M:N,2,FALSE) -> 0
B65: 42 | C65: =VLOOKUP(F65,CADETES!$B:$G,6,FALSE) -> #N/A | D65: =VLOOKUP(F65,CADETES!$B:$E,4,FALSE) -> #N/A | E65: =VLOOKUP(F65,CADETES!$B:$H,7,FALSE) -> #N/A | J65: =VLOOKUP(I65,M:N,2,FALSE) -> 0
B66: 43 | C66: =VLOOKUP(F66,CADETES!$B:$G,6,FALSE) -> #N/A | D66: =VLOOKUP(F66,CADETES!$B:$E,4,FALSE) -> #N/A | E66: =VLOOKUP(F66,CADETES!$B:$H,7,FALSE) -> #N/A | J66: =VLOOKUP(I66,M:N,2,FALSE) -> 0
B67: 44 | C67: =VLOOKUP(F67,CADETES!$B:$G,6,FALSE) -> #N/A | D67: =VLOOKUP(F67,CADETES!$B:$E,4,FALSE) -> #N/A | E67: =VLOOKUP(F67,CADETES!$B:$H,7,FALSE) -> #N/A | J67: =VLOOKUP(I67,M:N,2,FALSE) -> 0
B68: 45 | C68: =VLOOKUP(F68,CADETES!$B:$G,6,FALSE) -> #N/A | D68: =VLOOKUP(F68,CADETES!$B:$E,4,FALSE) -> #N/A | E68: =VLOOKUP(F68,CADETES!$B:$H,7,FALSE) -> #N/A | J68: =VLOOKUP(I68,M:N,2,FALSE) -> 0
B69: 46 | C69: =VLOOKUP(F69,CADETES!$B:$G,6,FALSE) -> #N/A | D69: =VLOOKUP(F69,CADETES!$B:$E,4,FALSE) -> #N/A | E69: =VLOOKUP(F69,CADETES!$B:$H,7,FALSE) -> #N/A | J69: =VLOOKUP(I69,M:N,2,FALSE) -> 0
... B83: 60 | C83: =VLOOKUP(F83,CADETES!$B:$G,6,FALSE) -> #N/A | D83: =VLOOKUP(F83,CADETES!$B:$E,4,FALSE) -> #N/A | E83: =VLOOKUP(F83,CADETES!$B:$H,7,FALSE) -> #N/A | J83: =VLOOKUP(I83,M:N,2,FALSE) -> 0

Sheet PRESUPUESTO
A3: CIERRE PRESUPUESTARIO BANCO 4 ESCUELA NAVAL "ARTURO PRAT"
A4: AGOSTO 2025
A8: CENFIN 10 AL 31 DE AGOSTO DE 2025
A9: UU.EE. | B9: NOMBRE | C9: CGU | M9: CONTROL INTERNO ESNAVAL
C10: PRESUPUESTO INICIAL | D10: AUMENTOS Y DISMINUCIONES | E10: PRESUPUESTO VIGENTE | F10: OBLIGADO CGU | G10: % OBLIG. | H10: DEVENGADO CGU | I10: % DEV. | J10: POR DEVENGAR | K10: PAGADO | L10: SALDO DISPONIBLE POR OBLIGAR CGU | M10: PROCESOS CON FOLIO RESERVADO | N10: RECURSOS DISPONIBLES | O10: AVANCE TOTAL | P10: PROYECCIÓN DE GASTO SOBRE EL DISPONIBLE | Q10: SALDO PROYECTADO AL CIERRE | R10: % AVANCE PROYECTADO
A11: 1332 | B11: DEPTO. EDUCACIÓN | C11: 204445304 | D11: =+E11-C11 -> 447520 | E11: 204892824 | F11: 163174440 | G11: =F11/E11 -> 0.79638924 | H11: 94426624 | I11: =H11/E11 -> 0.46085862 | J11: =+F11-H11 -> 68747816 | K11: 94426624 | L11: =E11-F11 -> 41718384 | M11: 5982611 | N11: =L11-M11 -> 35735773 | O11: =1-N11/E11 -> 0.82558797 | P11: =L11 -> 41718384 | Q11: =L11-P11 -> 0 | R11: =(L11+F11-Q11)/E11 -> 1
A12: 1346 | B12: ACTIVIDADES FÍSICAS | C12: 92597591 | D12: 0 | E12: 92597591 | F12: 40485032 | G12: =F12/E12 -> 0.43721474 | H12: 35754249 | I12: =H12/E12 -> 0.38612505 | J12: =+F12-H12 -> 4730783 | K12: 35754249 | L12: =E12-F12 -> 52112559 | M12: 20402940 | N12: =L12-M12 -> 31709619 | O12: =1-N12/E12 -> 0.6575546 | P12: =L12 -> 52112559 | Q12: =L12-P12 -> 0 | R12: =(L12+F12-Q12)/E12 -> 1
A13: 1347 | B13: ACTIVIDADES PROFESION. | C13: 90687529 | D13: -1038089 | E13: 88914412 | F13: 66052817 | G13: =F13/E13 -> 0.74288088 | H13: 63200993 | I13: =H13/E13 -> 0.71080707 | J13: =+F13-H13 -> 2851824 | K13: 63200993 | L13: =E13-F13 -> 22861595 | M13: 10887532 | N13: =L13-M13 -> 11974063 | O13: =1-N13/E13 -> 0.86533046 | P13: =L13 -> 22861595 | Q13: =L13-P13 -> 0 | R13: =(L13+F13-Q13)/E13 -> 1
A14: 1348 | B14: ACTIVIDADES MILITARES | C14: 3166000 | D14: 0 | E14: 3166000 | F14: 3061333 | G14: =F14/E14 -> 0.9669403 | H14: 0 | I14: =H14/E14 -> 0 | J14: =+F14-H14 -> 3061333 | K14: 0 | L14: =E14-F14 -> 104667 | M14: 0 | N14: =L14-M14 -> 104667 | O14: =1-N14/E14 -> 0.9669403 | P14: =L14 -> 104667 | Q14: =L14-P14 -> 0 | R14: =(L14+F14-Q14)/E14 -> 1
A15: 1350 | B15: ACTIVIDADES ACADÉMICAS | C15: 46288020 | D15: -1950171 | E15: 43380604 | F15: 20359512 | G15: =F15/E15 -> 0.46932293 | H15: 15210365 | I15: =H15/E15 -> 0.35062594 | J15: =+F15-H15 -> 5149147 | K15: 15210365 | L15: =E15-F15 -> 23021092 | M15: 7022813 | N15: =L15-M15 -> 15998279 | O15: =1-N15/E15 -> 0.63121124 | P15: =L15 -> 23021092 | Q15: =L15-P15 -> 0 | R15: =(L15+F15-Q15)/E15 -> 1
A16: 1351 | B16: ALIMENTACIÓN | C16: 545864279 | D16: 1958260 | E16: 550097292 | F16: 459914639 | G16: =F16/E16 -> 0.83606054 | H16: 377592639 | I16: =H16/E16 -> 0.68641065 | J16: =+F16-H16 -> 82322000 | K16: 377592639 | L16: =E16-F16 -> 90182653 | M16: 107007626 | N16: =L16-M16 -> -16824973 | O16: =1-N16/E16 -> 1.0305854 | P16: =L16 -> 90182653 | Q16: =L16-P16 -> 0 | R16: =(L16+F16-Q16)/E16 -> 1
A17: 1353 | B17: ADMINOGASTO 10 | C17: 276765629 | D17: 0 | E17: 276765629 | F17: 1273288 | G17: =F17/E17 -> 0.0046006002 | H17: 1273288 | I17: =H17/E17 -> 0.0046006002 | J17: =+F17-H17 -> 0 | K17: 1273288 | L17: =E17-F17 -> 275492341 | M17: 0 | N17: =L17-M17 -> 275492341 | O17: =1-N17/E17 -> 0.0046006002 | P17: 0 | Q17: =L17-P17 -> 275492341 | R17: =(L17+F17-Q17)/E17 -> 0.0046006002
B18: TOTAL PRESUPUESTO CF 10 | C18: =SUM(C11:C17) -> 1259814352 | D18: =SUM(D11:D17) -> -582480 | E18: =SUM(E11:E17) -> 1259814352 | F18: =SUM(F11:F17) -> 754321061 | G18: =F18/E18 -> 0.59875573 | H18: =SUM(H11:H17) -> 587458158 | I18: =H18/E18 -> 0.46630534 | J18: =SUM(J11:J17) -> 166862903 | K18: =SUM(K11:K17) -> 587458158 | L18: =SUM(L11:L17) -> 505493291 | M18: =SUM(M11:M17) -> 151303522 | N18: =SUM(N11:N17) -> 354189769 | O18: =1-N18/E18 -> 0.71885559 | P18: =SUM(P11:P17) -> 230000950 | Q18: =L18-P18 -> 275492341 | R18: =(L18+F18-Q18)/E18 -> 0.78132307
A26: CENFIN 03 AL 31 DE AGOSTO DE 2025
A27: UU.EE. | B27: NOMBRE | C27: CGU | M27: CONTROL INTERNO ESNAVAL
C28: PRESUPUESTO INICIAL | D28: AUMENTOS Y DISMINUCIONES | E28: PRESUPUESTO VIGENTE | F28: OBLIGADO CGU | G28: % OBLIG. | H28: DEVENGADO CGU | I28: % DEV. | J28: POR DEVENGAR | K28: PAGADO | L28: SALDO DISPONIBLE POR OBLIGAR CGU | M28: PROCESOS CON FOLIO RESERVADO | N28: RECURSOS DISPONIBLES | O28: AVANCE TOTAL | P28: PROYECCIÓN DE GASTO SOBRE EL DISPONIBLE | Q28: SALDO PROYECTADO AL CIERRE | R28: % AVANCE PROYECTADO
A29: 1320 | B29: PRESUPUESTO | C29: 296994493 | D29: 1 | E29: 296994494 | F29: 296891369 | G29: =F29/E29 -> 0.99965277 | H29: 266046488 | I29: =H29/E29 -> 0.89579603 | J29: =+F29-H29 -> 30844881 | K29: 265296788 | L29: =E29-F29 -> 103125 | M29: 103125 | N29: =L29-M29 -> 0 | O29: =1-N29/E29 -> 1 | P29: =L29 -> 103125 | Q29: =L29-P29 -> 0 | R29: =(L29+F29-Q29)/E29 -> 1
A30: 1331 | B30: CAPITAL ESNAVAL | C30: 649010446 | D30: =+E30-C30 -> 62107905 | E30: 711118351 | F30: 520443353 | G30: =F30/E30 -> 0.73186601 | H30: 220847091 | I30: =H30/E30 -> 0.31056306 | J30: =+F30-H30 -> 299596262 | K30: 210969805 | L30: =E30-F30 -> 190674998 | M30: 203432604 | N30: =L30-M30 -> -12757606 | O30: =1-N30/E30 -> 1.0179402 | P30: =L30 -> 190674998 | Q30: =L30-P30 -> 0 | R30: =(L30+F30-Q30)/E30 -> 1
A31: 1333 | B31: CONTROL DE GESTIÓN | C31: 2595500 | D31: =+E31-C31 -> 3434731 | E31: 6030231 | F31: 3932190 | G31: =F31/E31 -> 0.6520795 | H31: 2912190 | I31: =H31/E31 -> 0.48293175 | J31: =+F31-H31 -> 1020000 | K31: 2912190 | L31: =E31-F31 -> 2098041 | M31: 563730 | N31: =L31-M31 -> 1534311 | O31: =1-N31/E31 -> 0.74556348 | P31: =L31 -> 2098041 | Q31: =L31-P31 -> 0 | R31: =(L31+F31-Q31)/E31 -> 1
A32: 1334 | B32: DEPTO. EJECUTIVO | C32: 170445609 | D32: 1555886 | E32: 182307401 | F32: 137640828 | G32: =F32/E32 -> 0.75499309 | H32: 112415114 | I32: =H32/E32 -> 0.61662397 | J32: =+F32-H32 -> 25225714 | K32: 111796319 | L32: =E32-F32 -> 44666573 | M32: 9005609 | N32: =L32-M32 -> 35660964 | O32: =1-N32/E32 -> 0.80439102 | P32: =L32 -> 44666573 | Q32: =L32-P32 -> 0 | R32: =(L32+F32-Q32)/E32 -> 1
A33: 1335 | B33: DEPTO. ABASTECIMIENTO | C33: 1132217982 | D33: =+E33-C33 -> 16609168 | E33: 1148827150 | F33: 757449171 | G33: =F33/E33 -> 0.65932388 | H33: 708782117 | I33: =H33/E33 -> 0.6169615 | J33: =+F33-H33 -> 48667054 | K33: 701697278 | L33: =E33-F33 -> 391377979 | M33: 87571642 | N33: =L33-M33 -> 303806337 | O33: =1-N33/E33 -> 0.73555087 | P33: =L33 -> 391377979 | Q33: =L33-P33 -> 0 | R33: =(L33+F33-Q33)/E33 -> 1
A34: 1336 | B34: DEPTO. SANIDAD | C34: 21018819 | D34: =+E34-C34 -> -588136 | E34: 20430683 | F34: 15535163 | G34: =F34/E34 -> 0.76038393 | H34: 7355066 | I34: =H34/E34 -> 0.36000098 | J34: =+F34-H34 -> 8180097 | K34: 7355066 | L34: =E34-F34 -> 4895520 | M34: 3036529 | N34: =L34-M34 -> 1858991 | O34: =1-N34/E34 -> 0.90900985 | P34: =L34 -> 4895520 | Q34: =L34-P34 -> 0 | R34: =(L34+F34-Q34)/E34 -> 1
A35: 1337 | B35: DEPTO. MANT. Y SERVICIO | C35: 354972782 | D35: =+E35-C35 -> 8309619 | E35: 363282401 | F35: 256507028 | G35: =F35/E35 -> 0.70608162 | H35: 183521466 | I35: =H35/E35 -> 0.50517577 | J35: =+F35-H35 -> 72985562 | K35: 181115405 | L35: =E35-F35 -> 106775373 | M35: 102486975 | N35: =L35-M35 -> 4288398 | O35: =1-N35/E35 -> 0.98819541 | P35: =L35 -> 106775373 | Q35: =L35-P35 -> 0 | R35: =(L35+F35-Q35)/E35 -> 1
A36: 1338 | B36: BRIGADA | C36: 15935997 | D36: =+E36-C36 -> -2138152 | E36: 13797845 | F36: 13060631 | G36: =F36/E36 -> 0.94657035 | H36: 11781829 | I36: =H36/E36 -> 0.85388907 | J36: =+F36-H36 -> 1278802 | K36: 11781829 | L36: =E36-F36 -> 737214 | M36: 1009410 | N36: =L36-M36 -> -272196 | O36: =1-N36/E36 -> 1.0197274 | P36: =L36 -> 737214 | Q36: =L36-P36 -> 0 | R36: =(L36+F36-Q36)/E36 -> 1
A37: 1339 | B37: MARINA | C37: 90533036 | D37: =+E37-C37 -> 329634 | E37: 90862670 | F37: 59908199 | G37: =F37/E37 -> 0.65932686 | H37: 49442878 | I37: =H37/E37 -> 0.54414952 | J37: =+F37-H37 -> 10465321 | K37: 49442878 | L37: =E37-F37 -> 30954471 | M37: 2262406 | N37: =L37-M37 -> 28692065 | O37: =1-N37/E37 -> 0.68422604 | P37: =L37 -> 30954471 | Q37: =L37-P37 -> 0 | R37: =(L37+F37-Q37)/E37 -> 1
A38: 1340 | B38: DEPTO. ADMISIÓN Y RR.PP. | C38: 43475040 | D38: =+E38-C38 -> -2606625 | E38: 40868415 | F38: 20172031 | G38: =F38/E38 -> 0.49358486 | H38: 18399405 | I38: =H38/E38 -> 0.45021088 | J38: =+F38-H38 -> 1772626 | K38: 18399405 | L38: =E38-F38 -> 20696384 | M38: 5680775 | N38: =L38-M38 -> 15015609 | O38: =1-N38/E38 -> 0.63258646 | P38: =L38 -> 20696384 | Q38: =L38-P38 -> 0 | R38: =(L38+F38-Q38)/E38 -> 1
A39: 1341 | B39: COMPLEJO DEPORTIVO | C39: 92124226 | D39: =+E39-C39 -> 5108660 | E39: 97232886 | F39: 56959143 | G39: =F39/E39 -> 0.58580122 | H39: 27035160 | I39: =H39/E39 -> 0.27804543 | J39: =+F39-H39 -> 29923983 | K39: 27035160 | L39: =E39-F39 -> 40273743 | M39: 13507204 | N39: =L39-M39 -> 26766539 | O39: =1-N39/E39 -> 0.72471722 | P39: =L39 -> 40273743 | Q39: =L39-P39 -> 0 | R39: =(L39+F39-Q39)/E39 -> 1
A40: 1342 | B40: ADMINOGASTO 03 | C40: 236988223 | D40: =+E40-C40 -> -117922408 | E40: 119065815 | F40: 6711715 | G40: =F40/E40 -> 0.05636979 | H40: 6711715 | I40: =H40/E40 -> 0.05636979 | J40: =+F40-H40 -> 0 | K40: 6711715 | L40: =E40-F40 -> 112354100 | M40: 429000 | N40: =L40-M40 -> 111925100 | O40: =1-N40/E40 -> 0.059972839 | P40: 0 | Q40: =L40-P40 -> 112354100 | R40: =(L40+F40-Q40)/E40 -> 0.05636979
A41: 1343 | B41: INFORMÁTICA | C41: 42712810 | D41: =+E41-C41 -> 7535500 | E41: 50248310 | F41: 43992943 | G41: =F41/E41 -> 0.8755109 | H41: 19374591 | I41: =H41/E41 -> 0.38557697 | J41: =+F41-H41 -> 24618352 | K41: 18737591 | L41: =E41-F41 -> 6255367 | M41: 0 | N41: =L41-M41 -> 6255367 | O41: =1-N41/E41 -> 0.8755109 | P41: =L41 -> 6255367 | Q41: =L41-P41 -> 0 | R41: =(L41+F41-Q41)/E41 -> 1
A42: 1344 | B42: SUBDIRECCIÓN | C42: 38255683 | D42: -5095922 | E42: 34132808 | F42: 13075465 | G42: =F42/E42 -> 0.38307616 | H42: 8929456 | I42: =H42/E42 -> 0.26160918 | J42: =+F42-H42 -> 4146009 | K42: 8929456 | L42: =E42-F42 -> 21057343 | M42: 2581544 | N42: =L42-M42 -> 18475799 | O42: =1-N42/E42 -> 0.4587085 | P42: =L42 -> 21057343 | Q42: =L42-P42 -> 0 | R42: =(L42+F42-Q42)/E42 -> 1
A43: 1345 | B43: DIRECCIÓN | C43: 8086755 | D43: =+E43-C43 -> 6398797 | E43: 14485552 | F43: 14485552 | G43: =F43/E43 -> 1 | H43: 13556242 | I43: =H43/E43 -> 0.93584573 | J43: =+F43-H43 -> 929310 | K43: 13556242 | L43: =E43-F43 -> 0 | M43: 2459770 | N43: =L43-M43 -> -2459770 | O43: =1-N43/E43 -> 1.1698085 | P43: =L43 -> 0 | Q43: =L43-P43 -> 0 | R43: =(L43+F43-Q43)/E43 -> 1
A44: 1349 | B44: SERVICIOS DE BIENESTAR | C44: 20594102 | D44: =+E44-C44 -> 5682389 | E44: 26276491 | F44: 26276482 | G44: =F44/E44 -> 0.99999966 | H44: 14825463 | I44: =H44/E44 -> 0.56421015 | J44: =+F44-H44 -> 11451019 | K44: 11960238 | L44: =E44-F44 -> 9 | M44: 0 | N44: =L44-M44 -> 9 | O44: =1-N44/E44 -> 0.99999966 | P44: =L44 -> 9 | Q44: =L44-P44 -> 0 | R44: =(L44+F44-Q44)/E44 -> 1
B45: TOTAL PRESUPUESTO CF 03 | C45: =SUM(C29:C44) -> 3215961503 | D45: =SUM(D29:D44) -> -11278953 | E45: =SUM(E29:E44) -> 3215961503 | F45: =SUM(F29:F44) -> 2243041263 | G45: =F45/E45 -> 0.69747143 | H45: =SUM(H29:H44) -> 1671936271 | I45: =H45/E45 -> 0.5198869 | J45: =SUM(J29:J44) -> 571104992 | K45: =SUM(K29:K44) -> 1647697365 | L45: =SUM(L29:L44) -> 972920240 | M45: =SUM(M29:M44) -> 434130323 | N45: =SUM(N29:N44) -> 538789917 | O45: =1-N45/E45 -> 0.83246382 | P45: =SUM(P29:P44) -> 860566140 | Q45: =L45-P45 -> 112354100 | R45: =Q45/N45 -> 0.20853044

Sheet CTAS X COBRAR
A2: CUENTAS X COBRAR
A4: SEGUROS X COBRAR
A5: MES | B5: REAL X COBRAR | C5: INGRESO EFECTIVO
A6: AÑO ANTERIOR | B6: =50322972+3970346 -> 54293318 | C6: =24831486+3931052 -> 28762538
A7: ENERO | B7: ='PROYECCIÓN PRESUPUESTARIA'!D45 -> 0
A8: FEBRERO | B8: ='PROYECCIÓN PRESUPUESTARIA'!F45 -> 8613632
A9: MARZO | B9: ='PROYECCIÓN PRESUPUESTARIA'!H45 -> 1360680
A10: ABRIL | B10: ='PROYECCIÓN PRESUPUESTARIA'!J45 -> 12841528
A11: MAYO | B11: ='PROYECCIÓN PRESUPUESTARIA'!L45 -> 12631232
A12: JUNIO | B12: ='PROYECCIÓN PRESUPUESTARIA'!N45 -> 10248965
A13: JULIO | B13: ='PROYECCIÓN PRESUPUESTARIA'!P45 -> 8132914 | C13: 5491840
A14: AGOSTO | B14: ='PROYECCIÓN PRESUPUESTARIA'!R45 -> 8100346
A15: SEPTIEMBRE | B15: ='PROYECCIÓN PRESUPUESTARIA'!T45 -> 0 | C15: 32241796
A16: OCTUBRE | B16: ='PROYECCIÓN PRESUPUESTARIA'!V45 -> 0
A17: NOVIEMBRE | B17: ='PROYECCIÓN PRESUPUESTARIA'!X45 -> 0
A18: DICIEMBRE | B18: ='PROYECCIÓN PRESUPUESTARIA'!Z45 -> 0
A19: SUBTOTAL | B19: =SUM(B6:B18) -> 116222615 | C19: =SUM(C6:C18) -> 66496174
A20: TOTAL X COBRAR | B20: =B19-C19 -> 49726441
A24: DETALLE BECAS Y SUBVENCIONES ESCUELA NAVAL 2025
A26: PRIMER AÑO | B26: BECA | C26: MENSUAL | D26: SOLICITADO | F26: COA 1 | H26: COA 2 | J26: COA 3
A27: BECADOS | B27: 0.5 | C27: =39000*11*B27 -> 214500 | D27: 9 | E27: =+C27*11*D27 -> 21235500 | F27: 10 | G27: =+$C27*11*F27 -> 23595000 | H27: 10 | I27: =+$C27*11*H27 -> 23595000 | J27: 0 | K27: =+$C27*11*J27 -> 0
A28: HIJOS CON SUBVENCIÓN | B28: 0.5 | C28: =39000*11*B28 -> 214500 | D28: 23 | E28: =+C28*11*D28 -> 54268500 | F28: 23 | G28: =+$C28*11*F28 -> 54268500 | H28: 0 | I28: =+$C28*11*H28 -> 0 | J28: 0 | K28: =+$C28*11*J28 -> 0
A29: EXTRANJEROS | B29: 1 | C29: =39000*11*B29 -> 429000 | D29: 2 | E29: =+C29*11*D29 -> 9438000 | F29: 2 | G29: =+$C29*11*F29 -> 9438000 | H29: 2 | I29: =+$C29*11*H29 -> 9438000 | J29: 2 | K29: =+$C29*11*J29 -> 9438000
A30: EQUIPO DE INGRESO EXTRANJEROS | B30: 1 | C30: =80/11*39000*B30 -> 283636.36 | D30: 2 | E30: =+C30*11*D30 -> 6240000 | F30: 2 | G30: =+$C30*11*F30 -> 6240000 | H30: 2 | I30: =+$C30*11*H30 -> 6240000 | J30: 2 | K30: =+$C30*11*J30 -> 6240000
A32: SEGUNDO AÑO
A33: BECADOS | B33: 0.5 | C33: =39000*11*B33 -> 214500 | D33: 9 | E33: =+C33*11*D33 -> 21235500 | F33: 10 | G33: =+$C33*11*F33 -> 23595000 | H33: 10 | I33: =+$C33*11*H33 -> 23595000 | J33: 0 | K33: =+$C33*11*J33 -> 0
A34: HIJOS CON SUBVENCIÓN | B34: 0.5 | C34: =39000*11*B34 -> 214500 | D34: =17 -> 17 | E34: =+C34*11*D34 -> 40111500 | F34: 17 | G34: =+$C34*11*F34 -> 40111500 | H34: 0 | I34: =+$C34*11*H34 -> 0 | J34: 0 | K34: =+$C34*11*J34 -> 0
A36: TERCER AÑO
A37: BECADOS | B37: 0.5 | C37: =39000*11*B37 -> 214500 | D37: 10 | E37: =+C37*11*D37 -> 23595000 | F37: 9 | G37: =+$C37*11*F37 -> 21235500 | H37: 10 | I37: =+$C37*11*H37 -> 23595000 | J37: 0 | K37: =+$C37*11*J37 -> 0
A38: HIJOS CON SUBVENCIÓN | B38: 0.5 | C38: =39000*11*B38 -> 214500 | D38: 9 | E38: =+C38*11*D38 -> 21235500 | F38: 10 | G38: =+$C38*11*F38 -> 23595000 | H38: 0 | I38: =+$C38*11*H38 -> 0 | J38: 0 | K38: =+$C38*11*J38 -> 0
A41: CUARTO AÑO
A42: BECADOS | B42: 0.5 | C42: =39000*11*B42 -> 214500 | D42: 10 | E42: =+C42*11*D42 -> 23595000 | F42: 10 | G42: =+$C42*11*F42 -> 23595000 | H42: 10 | I42: =+$C42*11*H42 -> 23595000 | J42: 0 | K42: =+$C42*11*J42 -> 0
A43: HIJOS CON SUBVENCIÓN | B43: 0.5 | C43: =39000*11*B43 -> 214500 | D43: 10 | E43: =+C43*11*D43 -> 23595000 | F43: 10 | G43: =+$C43*11*F43 -> 23595000 | H43: 0 | I43: =+$C43*11*H43 -> 0 | J43: 0 | K43: =+$C43*11*J43 -> 0
A44: EXTRANJEROS | B44: 1 | C44: =39000*11*B44 -> 429000 | D44: 2 | E44: =+C44*11*D44 -> 9438000 | F44: 2 | G44: =+$C44*11*F44 -> 9438000 | H44: 2 | I44: =+$C44*11*H44 -> 9438000 | J44: 2 | K44: =+$C44*11*J44 -> 9438000
E45: =SUM(E27:E44) -> 253987500
A46: TOTAL | D46: =SUM(D27:D44) -> 103 | E46: 2.5270048e+08 | F46: =SUM(F27:F44) -> 105 | G46: =SUM(G27:G44) -> 258706500 | H46: =SUM(H27:H44) -> 46 | I46: =SUM(I27:I44) -> 119496000 | J46: =SUM(J27:J44) -> 6 | K46: =SUM(K27:K44) -> 25116000
A50: RESUMEN
A51: BECADOS | B51: 0.5 | C51: =39000*11*B51 -> 214500 | D51: =SUMIF($A$27:$A$44,A51,$D$27:$D$44) -> 38 | E51: =+C51*11*$D51 -> 89661000 | F51: =SUMIF($A$27:$A$44,A51,$F$27:$F$44) -> 39 | G51: =+C51*11*F51 -> 92020500 | H51: =SUMIF($A$27:$A$44,A51,$H$27:$H$44) -> 40 | I51: =+C51*11*H51 -> 94380000 | J51: =SUMIF($A$27:$A$44,A51,$J$27:$J$44) -> 0 | K51: =+C51*11*J51 -> 0
A52: HIJOS CON SUBVENCIÓN | B52: 0.5 | C52: =39000*11*B52 -> 214500 | D52: =SUMIF($A$27:$A$44,A52,$D$27:$D$44) -> 59 | E52: =+C52*11*D52 -> 139210500 | F52: =SUMIF($A$27:$A$44,A52,$F$27:$F$44) -> 60 | G52: =+C52*11*F52 -> 141570000 | H52: =SUMIF($A$27:$A$44,A52,$H$27:$H$44) -> 0 | I52: =+C52*11*H52 -> 0 | J52: =SUMIF($A$27:$A$44,A52,$J$27:$J$44) -> 0 | K52: =+C52*11*J52 -> 0
A53: EXTRANJEROS | B53: 1 | C53: =39000*11*B53 -> 429000 | D53: =SUMIF($A$27:$A$44,A53,$D$27:$D$44) -> 4 | E53: =+C53*11*D53 -> 18876000 | F53: =SUMIF($A$27:$A$44,A53,$F$27:$F$44) -> 4 | G53: =+C53*11*F53 -> 18876000 | H53: =SUMIF($A$27:$A$44,A53,$H$27:$H$44) -> 4 | I53: =+C53*11*H53 -> 18876000 | J53: =SUMIF($A$27:$A$44,A53,$J$27:$J$44) -> 4 | K53: =+C53*11*J53 -> 18876000
A54: EQUIPO DE INGRESO EXTRANJEROS | B54: 1 | C54: =80/11*39000*B54 -> 283636.36 | D54: =SUMIF($A$27:$A$44,A54,$D$27:$D$44) -> 2 | E54: =+C54*11*D54 -> 6240000 | F54: =SUMIF($A$27:$A$44,A54,$F$27:$F$44) -> 2 | G54: =+C54*11*F54 -> 6240000 | H54: =SUMIF($A$27:$A$44,A54,$H$27:$H$44) -> 2 | I54: =+C54*11*H54 -> 6240000 | J54: =SUMIF($A$27:$A$44,A54,$J$27:$J$44) -> 2 | K54: =+C54*11*J54 -> 6240000
D55: =SUM(D51:D54) -> 103 | E55: =SUM(E51:E54) -> 253987500 | F55: =SUM(F51:F53) -> 103 | G55: =SUM(G51:G54) -> 258706500 | H55: =SUM(H51:H53) -> 44 | I55: =SUM(I51:I54) -> 119496000 | J55: =SUM(J51:J53) -> 4 | K55: =SUM(K51:K54) -> 25116000
D56: DIFERECIAS A SOLICITADO | F56: =F55-$D$34 -> 86 | G56: =G55-$E$34 -> 218595000 | H56: =H55-$D$34 -> 27 | I56: =I55-$E$34 -> 79384500 | J56: =J55-$D$34 -> -13 | K56: =K55-$E$34 -> -14995500
A59: NÚMERO | B59: DETALLE | F59: IMPACTO SOCIAL
A60: COA 1 | B60: Conforme a directiva | F60: Sin observaciones
A61: COA 2 | B61: Extranjeros y Primeras Antigüedades | F61: Hijos de Personal Naval y militar de planta pagan 11 UF mensual en lugar de 5.5
A62: COA 3 | B62: Sólo extranjeros | F62: Todos pagan 11 UF, excepto extranjeros

Sheet CADETES
A1: LISTADO DE CURSOS PRIMER A CUARTO AÑO 2025 (ACTUALIZADO AL 28 DE ENERO)
A4: N° | B4: NOMBRE | C4: RUT | D4: DV | E4: NIE | F4: N.P.I. | G4: CURSO 2025 | H4: SEXO | I4: CONDICION
A5: 1 | B5: AGUAYO CHACÓN MARÍA JOSEFA | C5: 21353707 | D5: 5 | E5: 126 | G5: 1A | H5: F
A6: 2 | B6: ANDULCE PAVEZ IGNACIA PAMELA | C6: 21123062 | D6: 2 | E6: 333 | F6: 409624-8 | G6: 1A | H6: F | I6: RC
A7: 3 | B7: BORCOSKI ZILLERUELO FERNANDO TOMÁS | C7: 21009995 | D7: 6 | E7: 272 | F7: 401823-4 | G7: 1A | H7: M | I7: REINCORP.
A8: 4 | B8: FERNANDEZ FLORES DAVID INGACIO | C8: 22308152 | D8: 5 | E8: 454 | G8: 1A | H8: M
A9: 5 | B9: FUENTES LUFER TRINIDAD | C9: 22313797 | D9: 0 | E9: 255 | G9: 1A | H9: F
A10: 6 | B10: GÓMEZ CAVIERES RODRIGO | C10: 21633771 | D10: 9 | E10: 310 | G10: 1A | H10: M
A11: 7 | B11: INZUNZA QUINTEROS FELIPE IGNACIO | C11: 22221854 | D11: 3 | E11: 496 | G11: 1A | H11: M
A12: 8 | B12: LOPEZ HERRERA CRISTOBAL MARTÍN | C12: 21951718 | D12: 1 | E12: 400 | G12: 1A | H12: M
A13: 9 | B13: MILLAR VILLALOBOS NICOLAS | C13: 22181793 | D13: 1 | E13: 455 | G13: 1A | H13: M
A14: 10 | B14: MONTENEGRO RAMOS TOMAS | C14: 22118426 | D14: 2 | E14: 480 | G14: 1A | H14: M
A15: 11 | B15: MUJICA CANALES BENJAMIN | C15: 22099090 | D15: 7 | E15: 120 | G15: 1A | H15: M
A16: 12 | B16: NOVOA CASTRO GERARDO | C16: 22018083 | D16: 2 | E16: 55 | G16: 1A | H16: M
A17: 13 | B17: OPAZO MOLINA SHANNONT JISLENY | C17: 22397299 | D17: 3 | E17: 479 | G17: 1A | H17: F
A18: 14 | B18: PACHECO MAKRAY MAXIMILIANO AGUSTÍN | C18: 22149243 | D18: 9 | E18: 247 | G18: 1A | H18: M
A19: 15 | B19: PEÑALOZA BAEZA MARTINA ISIDORA | C19: 21867634 | D19: 0 | E19: 359 | G19: 1A | H19: F
... A22: 18 | B22: SAN MARTIN JIMENEZ FRANCISCO IGNACIO | C22: 22264071 | D22: 7 | E22: 307 | G22: 1A | H22: M
A23: 19 | B23: SILVA BARBOSA MAXIMILIANO | C23: 21729259 | D23: k | E23: 100 | G23: 1A | H23: M
A24: 20 | B24: STUHL ZIMMERMANN GÜNTHER | C24: 21912166 | D24: 0 | E24: 194 | G24: 1A | H24: M
A25: 21 | B25: TAPPEN ESCOBAR JOSÉ TOMÁS | C25: 22148755 | D25: 9 | E25: 177 | G25: 1A | H25: M
A26: 22 | B26: TIZNADO GARCÉS JAVIERA ANDREA | C26: 22185033 | D26: 5 | E26: 360 | G26: 1A | H26: F
A27: 23 | B27: VICUÑA COVARRUBIAS PEDRO | C27: 21678260 | D27: 7 | E27: 4 | G27: 1A | H27: M
A28: 24 | B28: VILLEGAS ACEVEDO CRISTIHAN IGNACIO | C28: 22373264 | D28: k | E28: 68 | G28: 1A | H28: M
A29: 25 | B29: ANGERMAYER CARRASCO FRANCISCO | C29: 22034376 | D29: 6 | E29: 495 | G29: 1B | H29: M
A30: 26 | B30: ARTECHE FIGUEROA FERNANDO | C30: 22192156 | D30: 9 | E30: 309 | G30: 1B | H30: M
A31: 27 | B31: BRAVO OCHOA ÁLVARO FRANCISCO | C31: 21679929 | D31: 1 | E31: 338 | F31: 404124-9 | G31: 1B | H31: M | I31: RC
A32: 28 | B32: CARIPAN ANDRADES NATANIEL ALEXIS | C32: 22274873 | D32: 9 | E32: 8 | G32: 1B | H32: M
A33: 29 | B33: CHIRINO ACEVEDO MAYTE | C33: 21879557 | D33: 9 | E33: 61 | G33: 1B | H33: F
A34: 30 | B34: CLEMENTE BRIONES MATÍAS IGNACIO | C34: 22299652 | D34: k | E34: 320 | G34: 1B | H34: M
A35: 31 | B35: ESPINOSA LEON FRANCISCO JAVIER | C35: 22220188 | D35: 8 | E35: 246 | G35: 1B | H35: M
A36: 32 | B36: FERRER GONZÁLEZ CAMILO AMARO | C36: 20680970 | D36: 1 | E36: 208 | F36: 405624-6 | G36: 1B | H36: M | I36: RC
A37: 33 | B37: FUENTEALBA FLORES CATALINA ANTONIA | C37: 22298204 | D37: 9 | E37: 196 | G37: 1B | H37: F
A38: 34 | B38: FUENTES JAQUE BENJAMÍN | C38: 21377530 | D38: 8 | E38: 441 | G38: 1B | H38: M
A39: 35 | B39: GARCÉS NÚÑEZ SAMUEL | C39: 22098138 | D39: K | E39: 111 | G39: 1B | H39: M
A40: 36 | B40: GUERRERO HERRERA RICARDO | C40: 22168316 | D40: 1 | E40: 478 | G40: 1B | H40: M
A41: 37 | B41: HUERTA OLEA DARÍO | C41: 21585497 | D41: 3 | E41: 362 | G41: 1B | H41: M
A42: 38 | B42: INOSTROZA PARRA VICENTE | C42: 22280191 | D42: 5 | E42: 353 | G42: 1B | H42: M
A43: 39 | B43: MEDIC PARIS MILAN | C43: 21982763 | D43: 6 | E43: 439 | G43: 1B | H43: M
A44: 40 | B44: MELENDEZ DE LA ROSA HELEN | C44: 25337881 | D44: 6 | E44: 60 | G44: 1B | H44: F
A45: 41 | B45: MENA CANALES BENJAMIN FABIAN | C45: 22192665 | D45: k | E45: 402 | G45: 1B | H45: M
A46: 42 | B46: MERCADO LAZZERINI JAVIER | C46: 21977758 | D46: 2 | E46: 490 | G46: 1B | H46: M
A47: 43 | B47: OTAROLA MALDONADO BENJAMIN | C47: 21622568 | D47: 6 | E47: 261 | G47: 1B | H47: M
A48: 44 | B48: PÉREZ COTAPOS ESCOBAR JUAN IGNACIO EDUARDO | C48: 21854751 | D48: 6 | E48: 481 | G48: 1B | H48: M
A49: 45 | B49: SANDOVAL CID PAZ IGNACIA | C49: 22303340 | D49: 7 | E49: 174 | G49: 1B | H49: F
A50: 46 | B50: SILVA BUSTOS CONSTANZA BELÉN | C50: 22212854 | D50: 4 | E50: 453 | G50: 1B | H50: F
A51: 47 | B51: UGARTE ARROS ISIDORA | C51: 22264899 | D51: 8 | E51: 442 | G51: 1B | H51: F
A52: 48 | B52: VERA GAJARDO JOAQUIN | C52: 22197320 | D52: 8 | E52: 456 | G52: 1B | H52: M
A53: 49 | B53: ARIAS CASTILLO NAYARETH | C53: 22253886 | D53: 6 | E53: 474 | G53: 1C | H53: F
A54: 50 | B54: CARTES FLORES ROGER IGNACIO | C54: 21958633 | D54: 7 | E54: 435 | G54: 1C | H54: M
A55: 51 | B55: ECHIBURÚ ARANCIBIA FELIPE ALONSO | C55: 22339278 | D55: 4 | E55: 482 | G55: 1C | H55: M
A56: 52 | B56: GUAGAMA GARAY ANTONIO | C56: 22251571 | D56: 8 | E56: 321 | G56: 1C | H56: M
A57: 53 | B57: GONZÁLEZ TRUJILLO JAVIERA VALENTINA | C57: 21913058 | D57: 9 | E57: 457 | G57: 1C | H57: F
... A62: 58 | B62: MONTES DE LA CERDA PEDRO PABLO | C62: 22247006 | D62: 4 | E62: 73 | G62: 1C | H62: M
A63: 59 | B63: OYARZÚN SILVA BASTIAN ANDRÉS | C63: 21612467 | D63: 7 | E63: 240 | F63: 406624-2 | G63: 1C | H63: M | I63: RC
A64: 60 | B64: PALMA SÁNCHEZ BENJAMÍN | C64: 22222992 | D64: 8 | E64: 443 | G64: 1C | H64: M
A65: 61 | B65: PRECHT ARANEDA TOMÁS ANDRES | C65: 22234238 | D65: 4 | E65: 173 | G65: 1C | H65: M
A66: 62 | B66: PERKINS ROJAS CONSTANZA | C66: 21814262 | D66: 1 | E66: 440 | G66: 1C | H66: F
A67: 63 | B67: PÉREZ MENDOZA MARTÍN | C67: 22070989 | D67: 2 | E67: 198 | G67: 1C | H67: M
A68: 64 | B68: RODRÍGUEZ STOWHAS TOMÁS | C68: 21627743 | D68: 0 | E68: 477 | G68: 1C | H68: M
A69: 65 | B69: SAEZ VILLARROEL JAVIER | C69: 21262379 | D69: 2 | E69: 343 | G69: 1C | H69: M
A70: 66 | B70: SANHUEZA CHAMORRO FRANCO MAXIMILIANO | C70: 22020612 | D70: 2 | E70: 109 | G70: 1C | H70: M
A71: 67 | B71: SÁNCHEZ VERGARA FERNANDO | C71: 22087853 | D71: 8 | E71: 392 | G71: 1C | H71: M
A72: 68 | B72: SEPÚLVEDA ARANCIBIA LUCAS | C72: 22045027 | D72: 9 | E72: 352 | G72: 1C | H72: M
A73: 69 | B73: SERÓN ROZAS NEFI ANTONIO | C73: 21926704 | D73: 5 | E73: 244 | G73: 1C | H73: M
A74: 70 | B74: VALENCIA NARVAÉZ ISIDORA | C74: 22344665 | D74: 5 | E74: 364 | G74: 1C | H74: F
A75: 71 | B75: VARGAS PEÑA DIEGO | C75: 21744807 | D75: 7 | E75: 15 | G75: 1C | H75: M
A76: 72 | B76: VEGA SALGADO FRANCO IGNACIO | C76: 22097382 | D76: 4 | E76: 357 | F76: 413924-8 | G76: 1C | H76: M | I76: REINCORP.
A77: 73 | B77: ZUÑIGA MIÑO SEBASTIAN | C77: 22091707 | D77: k | E77: 130 | G77: 1C | H77: M
A78: 74 | B78: SOTO VAN CAPEL JUAN IGNACIO | C78: 22061083 | D78: 7 | E78: 24 | G78: 1D | H78: M
A79: 75 | B79: PULGAR VALLEJOS MARÍA IGNACIA | C79: 21276315 | D79: 2 | E79: 276 | F79: 408724-5 | G79: 1D | H79: F | I79: RC
A80: 76 | B80: AGUIRRE GAJARDO NICOLAS | C80: 21078998 | D80: 7 | E80: 132 | G80: 1D | H80: M
A81: 77 | B81: ALLENDES CADENA SANTIAGO IGNACIO | C81: 22165289 | D81: 4 | E81: 366 | G81: 1D | H81: M
A82: 78 | B82: ALMENDRAS GONZÁLEZ CATALINA | C82: 21841257 | D82: 2 | E82: 483 | G82: 1D | H82: F
A83: 79 | B83: ARAYA MEZA BENJAMIN | C83: 22415533 | D83: 6 | E83: 305 | G83: 1D | H83: M
A84: 80 | B84: BAHAMONDES RIVAS JOSEFA | C84: 22065502 | D84: 4 | E84: 451 | G84: 1D | H84: F
A85: 81 | B85: CABELLO DE LA HOZ BENJAMIN IGNACIO | C85: 22255004 | D85: 1 | E85: 314 | G85: 1D | H85: M
A86: 82 | B86: CABRALES SUAZO YONATHAN | C86: 21691908 | D86: 4 | E86: 370 | F86: 402824-4 | G86: 1D | H86: M | I86: RC
A87: 83 | B87: CASTRO VILLAGRA JORGE IGNACIO | C87: 22198413 | D87: 7 | E87: 108 | G87: 1D | H87: M
A88: 84 | B88: HERRERA DUARTE IGNACIO | C88: 21412775 | D88: k | E88: 444 | G88: 1D | H88: M
A89: 85 | B89: HUERTA FRITIS ANTONIA CATALINA | C89: 22020103 | D89: 1 | E89: 421 | G89: 1D | H89: F
A90: 86 | B90: MELO PEÑA FABIAN | C90: 22269184 | D90: 2 | E90: 351 | G90: 1D | H90: M
A91: 87 | B91: MORALES VARGAS MATIAS | C91: 22343981 | D91: 0 | E91: 476 | G91: 1D | H91: M
A92: 88 | B92: NAVARRETE KUSCH SANTIAGO | C92: 21030074 | D92: 0 | E92: 76 | G92: 1D | H92: M
A93: 89 | B93: OPAZO MONTECINOS DANIEL IGNACIO | C93: 21723171 | D93: K | E93: 493 | G93: 1D | H93: M
A94: 90 | B94: ORTEGA SILVA LORENA | C94: 21814292 | D94: 3 | E94: 434 | G94: 1D | H94: F
A95: 91 | B95: ORTIZ OBREQUE MARCELO | C95: 22197733 | D95: 5 | E95: 458 | G95: 1D | H95: M
A96: 92 | B96: RAMIREZ CASTRO CATHERINNE DAIANA | C96: 20993388 | D96: 8 | E96: 328 | G96: 1D | H96: F
A97: 93 | B97: REYES CUROTTO JOAQUIN | C97: 22101703 | D97: k | E97: 199 | G97: 1D | H97: M
A98: 94 | B98: ROMERO GUTIÉRREZ ALBERTO | C98: 22333119 | D98: K | E98: 241 | G98: 1D | H98: M
A99: 95 | B99: TORRETTI PEÑAILILLO ENZO | C99: 22238789 | D99: 2 | E99: 168 | G99: 1D | H99: M
A100: 96 | B100: ZAMORA LAZO IGNACIO | C100: 21990339 | D100: 1 | E100: 268 | G100: 1D | H100: M
A101: 97 | B101: ZELAYA ARELLANO NICOLAS | C101: 21612524 | D101: k | E101: 492 | G101: 1D | H101: M
A102: 98 | B102: ÁLVAREZ HERRERA MARTÍN | C102: 21875187 | D102: 3 | E102: 491 | G102: 1E | H102: M
A103: 99 | B103: BADILLA ECHEVERRIA VITTORIO ALFREDO | C103: 21385491 | D103: 7 | E103: 450 | G103: 1E | H103: M
A104: 100 | B104: BENAVIDES SOUGARRET MATIAS IGNACIO | C104: 22315089 | D104: 6 | E104: 347 | G104: 1E | H104: M
A105: 101 | B105: CARREÑO URIBE VICENTE EDUARDO | C105: 22006590 | D105: 1 | E105: 484 | G105: 1E | H105: M
A106: 102 | B106: CASAS CRUCES SOFIA | C106: 21950813 | D106: 1 | E106: 139 | G106: 1E | H106: F
A107: 103 | B107: CASTRO AROS MAXIMILIANO ISMAEL | C107: 22283639 | D107: 5 | E107: 387 | G107: 1E | H107: M
A108: 104 | B108: CARTAGENA MIRANDA SOFIA ALEJANDRA | C108: 22339558 | D108: 9 | E108: 201 | G108: 1E | H108: F
...

Sheet FLUJOS 2022-2024
B2: FLUJOS DE CAJA Y PRESUPUESTO 2022-2024
B3: CONSOLIDADO CENFIN 3 Y 10
D5: 2022 | E5: 2023 | F5: 2024
B6: SALDO INICIAL DE CAJA | D6: =D29+D49 -> 1863858556 | E6: =E29+E49 -> 1338429383 | F6: =F29+F49 -> 877135658
B7: INGRESOS | D7: =SUM(D8:D10) -> 2852905378 | E7: =SUM(E8:E10) -> 2873301095 | F7: =SUM(F8:F10) -> 3073341997
C8: OPERACIONAL | D8: =D31+D51 -> 2722947251 | E8: =E31+E51 -> 2827373311 | F8: =F31+F51 -> 2939036697
C9: ACTIVIDADES DE INVERSIÓN | D9: =D32+D52 -> 52451692 | E9: =E32+E52 -> 45927784 | F9: =F32+F52 -> 134305300
C10: AUMENTO PRESUPUESTO | D10: =D33+D53 -> 77506435 | E10: =E33+E53 -> 0 | F10: =F33+F53 -> 0
B11: EGRESOS | D11: =SUM(D12:D14) -> 3378334551 | E11: =SUM(E12:E14) -> 3334594820 | F11: =SUM(F12:F14) -> 3411482838
C12: OPERACIONAL | D12: =D35+D55 -> 3090964469 | E12: =E35+E55 -> 3061802666 | F12: =F35+F55 -> 3210901101
C13: INVERSIÓN | D13: =D36+D56 -> 286664941 | E13: =E36+E56 -> 252575215 | F13: =F36+F56 -> 189966934
C14: REDUCCIÓN PRESUPUESTO | D14: =D37+D57 -> 705141 | E14: =E37+E57 -> 20216939 | F14: =F37+F57 -> 10614803
B15: SALDO FINAL DE CAJA | D15: =D38+D58 -> 1338429383 | E15: =E38+E58 -> 877135658 | F15: =F38+F58 -> 538994817
B16: PRESUPUESTO VIGENTE AL CIERRE | D16: =D39+D59 -> 4715991512 | E16: =E39+E59 -> 4739315101 | F16: =F39+F59 -> 3932680683
B17: DEUDA EXIGIBLE | D17: =D40+D60 -> 287456881 | E17: =E40+E60 -> 197071855 | F17: =F40+F60 -> 561188
B18: COMPROMISOS AS | D18: =D41+D61 -> 531666588 | E18: =E41+E61 -> 486154902 | F18: =F41+F61 -> 305482009
B19: SUBEJECUTADO | D19: =D62+D42 -> 519238633 | E19: =E62+E42 -> 741710463 | F19: =F62+F42 -> 225769451
B20: SALDO FLUJO FINANCIERO | D20: =D15-D17-D18-D19 -> 67281 | E20: =E15-E17-E18-E19 -> -547801562 | F20: =F15-F17-F18-F19 -> 7182169
B25: ASIGNACIÓN CAPITAL
B26: CENFIN 3
D28: 2022 | E28: 2023 | F28: 2024
B29: SALDO INICIAL DE CAJA | D29: 1816780783 | E29: =D38 -> 1237026562 | F29: =E38 -> 876246395
B30: INGRESOS | D30: =SUM(D31:D33) -> 2075754478 | E30: =SUM(E31:E33) -> 2029959890 | F30: =SUM(F31:F33) -> 2216732976
C31: OPERACIONAL | D31: 1945796351 | E31: 1984032106 | F31: 2082427676
C32: ACTIVIDADES DE INVERSIÓN | D32: 52451692 | E32: 45927784 | F32: 134305300
C33: AUMENTO PRESUPUESTO | D33: 77506435 | E33: 0 | F33: 0
B34: EGRESOS | D34: =SUM(D35:D37) -> 2655508699 | E34: =SUM(E35:E37) -> 2390740057 | F34: =SUM(F35:F37) -> 2602334906
C35: OPERACIONAL | D35: 2396486085 | E35: =2141512942 -> 2141512942 | F35: 2415219961
C36: INVERSIÓN | D36: 259022614 | E36: 229454525 | F36: 177311045
C37: REDUCCIÓN PRESUPUESTO | D37: 0 | E37: 19772590 | F37: 9803900
B38: SALDO FINAL DE CAJA | D38: =D29+D30-D34 -> 1237026562 | E38: =E29+E30-E34 -> 876246395 | F38: =F29+F30-F34 -> 490644465
B39: PRESUPUESTO VIGENTE AL CIERRE | D39: 3892467980 | E39: 3573646564 | F39: 3095227734
B40: DEUDA EXIGIBLE | D40: 239575052 | E40: 187651157 | F40: 561188
B41: COMPROMISOS AS | D41: 507702020 | E41: 473388958 | F41: 301110682
B42: SUBEJECUTADO | D42: 489682209 | E42: 541638982 | F42: 201024858
B43: SALDO FLUJO FINANCIERO | D43: =D38-D40-D41-D42 -> 67281 | E43: =E38-E40-E41-E42 -> -326432702 | F43: =F38-F40-F41-F42 -> -12052263
B45: ASIGNACIÓN ALUMNOS
B46: CENFIN 10
D48: 2022 | E48: 2023 | F48: 2024
B49: SALDO INICIAL DE CAJA | D49: 47077773 | E49: =D58 -> 101402821 | F49: =E58 -> 889263
B50: INGRESOS | D50: =SUM(D51:D53) -> 777150900 | E50: =SUM(E51:E53) -> 843341205 | F50: =SUM(F51:F53) -> 856609021
C51: OPERACIONAL | D51: 777150900 | E51: 843341205 | F51: 856609021
C52: ACTIVIDADES DE INVERSIÓN | D52: 0 | E52: 0
C53: AUMENTO PRESUPUESTO | D53: 0
B54: EGRESOS | D54: =SUM(D55:D57) -> 722825852 | E54: =SUM(E55:E57) -> 943854763 | F54: =SUM(F55:F57) -> 809147932
C55: OPERACIONAL | D55: 694478384 | E55: 920289724 | F55: 795681140
C56: INVERSIÓN | D56: 27642327 | E56: 23120690 | F56: 12655889
C57: REDUCCIÓN PRESUPUESTO | D57: 705141 | E57: 444349 | F57: 810903
B58: SALDO FINAL DE CAJA | D58: =D49+D50-D54 -> 101402821 | E58: =E49+E50-E54 -> 889263 | F58: =F49+F50-F54 -> 48350352
B59: PRESUPUESTO VIGENTE AL CIERRE | D59: 823523532 | E59: 1165668537 | F59: 837452949
B60: DEUDA EXIGIBLE | D60: 47881829 | E60: 9420698 | F60: 0
B61: COMPROMISOS AS | D61: 23964568 | E61: 12765944 | F61: 4371327
B62: SUBEJECUTADO | D62: 29556424 | E62: 200071481 | F62: 24744593
B63: SALDO FLUJO FINANCIERO | D63: =D58-D60-D61-D62 -> 0 | E63: =E58-E60-E61-E62 -> -221368860 | F63: =F58-F60-F61-F62 -> 19234432

Sheet REFERENCIAS
E3: COSTOS FIJOS | F3: =SUMIF($H$9:$H$140,E3,$G$9:$G$140) -> 1645719033
E4: COSTOS VARIABLES | F4: =SUMIF($H$9:$H$140,E4,$G$9:$G$140) -> 2661315750
E5: TOTAL | F5: =SUM(F3:F4) -> 4307034783
A7: COSTOS 2024 | E7: COSTOS 2025
A8: Detalle | B8: Montos | C8: COSTO | E8: Detalle | G8: Montos | H8: COSTO
A9: Pañol de consumo | B9: 51248218 | C9: COSTOS FIJOS | E9: Sost. Sanidad y Prevención Riesgos | G9: 886586 | H9: COSTOS FIJOS
A10: Consumos Básicos | B10: =232638646+242783030 -> 475421676 | C10: COSTOS FIJOS | E10: Sost. Educación | F10: Sost. Educación | G10: 740000 | H10: COSTOS FIJOS
A11: Desahucios e Indemnizaciones | B11: 8554497 | C11: COSTOS FIJOS | E11: Sost. Educación | F11: Sost. Educación | G11: 2042385 | H11: COSTOS FIJOS
A12: Mayordomo General | B12: 103140305 | C12: COSTOS FIJOS | E12: Sost. Educación | F12: Sost. Educación | G12: 23925087 | H12: COSTOS FIJOS
E13: Capacitación profesores | G13: 9000000 | H13: COSTOS FIJOS
A14: Sueldos y Honorarios | B14: =77112513+19602508 -> 96715021 | C14: COSTOS FIJOS | E14: Sost. Complejo Deportivo | F14: Sost. Complejo Deportivo | G14: 189984 | H14: COSTOS FIJOS
A15: Combustible Maquinaria Auxiliar | B15: 1955500 | C15: COSTOS FIJOS | E15: Sost. Complejo Deportivo(mant infra terrestre) | F15: Sost. Complejo Deportivo | G15: 26729683 | H15: COSTOS FIJOS
A16: Gastos Sostenimiento Mantención y Servicio | B16: 18158060 | C16: COSTOS FIJOS | E16: Sost. Complejo Deportivo(art limpieza multi cancha) | F16: Sost. Complejo Deportivo | G16: 5132319 | H16: COSTOS FIJOS
A17: Mantención y Servicios | B17: =17999131+497113+23491698 -> 41987942 | C17: COSTOS FIJOS | E17: Sost. Complejo Deportivo(mant piscina) | F17: Sost. Complejo Deportivo | G17: 2844634 | H17: COSTOS FIJOS
A18: Mantenimiento Infraestructura Apoyo | B18: =15926529+2955576 -> 18882105 | C18: COSTOS FIJOS | E18: Sost. Complejo Deportivo(mant de vehiculos | F18: Sost. Complejo Deportivo | G18: 1000000 | H18: COSTOS FIJOS
A19: Mantenimiento Infraestructura Habitabilidad Cadete | B19: 21175403 | C19: COSTOS FIJOS | E19: Sost. Complejo Deportivo(mant de canchas) | F19: Sost. Complejo Deportivo | G19: 3163586 | H19: COSTOS FIJOS
A20: Sala de Armas Regimiento de Presentación | B20: 11795079 | C20: COSTOS FIJOS | E20: Sost. Complejo Deportivo(mant de canchas) | F20: Sost. Complejo Deportivo | G20: 3928964 | H20: COSTOS FIJOS
A21: Trabajo de Mantenimiento (Verano) | B21: 149094378 | C21: COSTOS FIJOS | E21: Sost. Complejo Deportivo | F21: Sost. Complejo Deportivo | G21: 2930000 | H21: COSTOS FIJOS
A22: Sost. Brigada Escuela | B22: 17719744 | C22: COSTOS FIJOS | E22: Sost. Brigada Escuela | F22: Sost. Brigada Escuela | G22: 7978748 | H22: COSTOS FIJOS
A23: Casa de Botes de Curauma | B23: 4923030 | C23: COSTOS FIJOS | E23: Sost complejo poligono | F23: Sost complejo poligono | G23: 205040 | H23: COSTOS FIJOS
A24: Embarcación de Seguridad | B24: 10218323 | C24: COSTOS FIJOS | E24: Sanidad Equipo General | F24: Sanidad Equipo General | G24: 461720 | H24: COSTOS FIJOS
A25: Mant. Flota de Yates | B25: 23437462 | C25: COSTOS FIJOS | E25: Pañol de consumo | F25: Pañol de consumo | G25: =25958660+3700000+12754056 -> 42412716 | H25: COSTOS FIJOS
A26: Recreo Club de Yates | B26: 23858057 | C26: COSTOS FIJOS | E26: ODM | F26: ODM | G26: 712810 | H26: COSTOS FIJOS
A27: Sost. Complejo Deportivo | B27: 32658698 | C27: COSTOS FIJOS | E27: Museo | F27: Museo | G27: 139000 | H27: COSTOS FIJOS
A28: ODM | B28: 2011100 | C28: COSTOS FIJOS | E28: Mantenimiento Sanidad | F28: Mantenimiento Sanidad | G28: 412860 | H28: COSTOS FIJOS
A29: Dirección | B29: 7258197 | C29: COSTOS FIJOS | E29: Mantenimiento Ejecutivo | F29: Mantenimiento Ejecutivo | G29: 11801586 | H29: COSTOS FIJOS
E30: Mantención yates | F30: Mantención yates | G30: 9993400 | H30: COSTOS FIJOS
E31: Sostenimiento Infraestrusctura | F31: Mantención y Servicios | G31: =321196493+33030291+14687938 -> 368914722 | H31: COSTOS FIJOS
E32: Mantención redes apoyo | F32: Mantención redes apoyo | G32: 948000 | H32: COSTOS FIJOS
E33: Mantención de vehículos | F33: Mantención de vehículos | G33: 337450 | H33: COSTOS FIJOS
E34: Mantención Apoyo dep casa yates-bote | F34: Mantención Apoyo dep casa yates-bote | G34: 14588149 | H34: COSTOS FIJOS
E35: Informatica | F35: Informatica | G35: 42000000 | H35: COSTOS FIJOS
E36: Dirección | F36: Dirección | G36: 1072427 | H36: COSTOS FIJOS
E37: Desahucios e Indemnizaciones | F37: Desahucios e Indemnizaciones | G37: 40000000 | H37: COSTOS FIJOS
E38: Consumos Basicos | F38: Consumos Basicos | G38: =474174149 -> 474174149 | H38: COSTOS FIJOS
E39: Caldera | F39: Caldera | G39: 390000 | H39: COSTOS FIJOS
E40: Biblioteca Mant sistemas computacionales | F40: Biblioteca Mant sistemas computacionales | G40: 4753591 | H40: COSTOS FIJOS
E41: Banda Brigada Planta | F41: Banda Brigada Planta | G41: 8000000 | H41: COSTOS FIJOS
E42: Archivo Histórico | F42: Archivo Histórico | G42: 949200 | H42: COSTOS FIJOS
E43: Apoyo deportivo casa yates -bote | F43: Apoyo deportivo casa yates -bote | G43: =5381008+600000 -> 5981008 | H43: COSTOS FIJOS
E44: Acreditación | F44: Acreditación | G44: 360000 | H44: COSTOS FIJOS
E45: Brigada Planta | F45: Brigada Planta | G45: 666169 | H45: COSTOS FIJOS
E46: Sueldos y Honorarios | F46: Sueldos y Honorarios | G46: =516833060+9120000 -> 525953060 | H46: COSTOS FIJOS
E47: Vinculación con el Medio | F47: Vinculación con el Medio | G47: 1147300 | H47: COSTOS VARIABLES
A48: Deuda Flotante | B48: 41221949 | C48: COSTOS VARIABLES | E48: Viáticos | F48: VIATICOS CENFIN 03 | G48: =30000000+724960+8877060 -> 39602020 | H48: COSTOS VARIABLES
A49: Equipo Inicial apoderados | B49: 540284898 | C49: COSTOS VARIABLES | E49: Tramoya Fiesta aniversario | F49: Tramoya Fiesta aniversario | G49: 15000000 | H49: COSTOS VARIABLES
A50: Sala de Ventas | B50: 42483401 | C50: COSTOS VARIABLES | E50: Servicios de bienestar | F50: Sur-3 | G50: =20114102+19569322 -> 39683424 | H50: COSTOS VARIABLES
A51: Seguro Escolar | B51: 50451534 | C51: COSTOS VARIABLES | E51: Sostenimiento servicios de alimentación | F51: Sur-2 | G51: 21454204 | H51: COSTOS VARIABLES
A52: Academia Cultural | B52: 6748223 | C52: COSTOS VARIABLES | E52: Sost. Ejecutivo | F52: Sost. Ejecutivo | G52: 184450 | H52: COSTOS VARIABLES
A53: Actividades Culturales | B53: 864000 | C53: COSTOS VARIABLES | E53: Simulador de Navegación | F53: Simulador de Navegación | G53: 3968375 | H53: COSTOS VARIABLES
A54: Curso de Ingles | B54: 134900000 | C54: COSTOS VARIABLES | E54: Semana Aniversario ESNAVAL | F54: Semana Aniversario ESNAVAL | G54: 10818928 | H54: COSTOS VARIABLES
A55: FOFI Educación | B55: 7186781 | C55: COSTOS VARIABLES | E55: Actividades físicas Seleccionados | F55: Seleccionados | G55: 12092000 | H55: COSTOS VARIABLES
A56: Revista Ancla | B56: 6240000 | C56: COSTOS VARIABLES | E56: Seleccionado Voleibol | F56: Seleccionado Voleibol | G56: 1725000 | H56: COSTOS VARIABLES
A57: Simulador de navegación | B57: 809617 | C57: COSTOS VARIABLES | E57: Seleccionado Vela | F57: Seleccionado Vela | G57: 1500000 | H57: COSTOS VARIABLES
A58: Sost. Educación | B58: 7360235 | C58: COSTOS VARIABLES | E58: Seleccionado Triatlón | F58: Seleccionado Triatlón | G58: 5700000 | H58: COSTOS VARIABLES
A59: Acreditación | B59: =1274813+28642476 -> 29917289 | C59: COSTOS VARIABLES | E59: Seleccionado Tiro al Blanco | F59: Seleccionado Tiro al Blanco | G59: 2230000 | H59: COSTOS VARIABLES
A60: Secretaria Aconges | B60: 323680 | C60: COSTOS VARIABLES | E60: Seleccionado Tenis | F60: Seleccionado Tenis | G60: 1500000 | H60: COSTOS VARIABLES
A61: Actv. batallon de reclutas | B61: 1893855 | C61: COSTOS VARIABLES | E61: Seleccionado Rugby | F61: Seleccionado Rugby | G61: 2311860 | H61: COSTOS VARIABLES
A62: Conferencia Annapolis | B62: 2562300 | C62: COSTOS VARIABLES | E62: Seleccionado Pentatlón Militar | F62: Seleccionado Pentatlón Militar | G62: 3150000 | H62: COSTOS VARIABLES
A63: Fiesta Aniversario ESNAVAL | B63: 61286121 | C63: COSTOS VARIABLES | E63: Seleccionado Orientación Terrestre | F63: Seleccionado Orientación Terrestre | G63: 6500000 | H63: COSTOS VARIABLES
A64: Fiesta Graduación Gamas | B64: 21559000 | C64: COSTOS VARIABLES | E64: Seleccionado Natación | F64: Seleccionado Natación | G64: 3000000 | H64: COSTOS VARIABLES
A65: Fiestas Generacionales | B65: 29988000 | C65: COSTOS VARIABLES | E65: Seleccionado Judo | F65: Seleccionado Judo | G65: 2000000 | H65: COSTOS VARIABLES
A66: Sost. Ejecutivo | B66: 39417565 | C66: COSTOS VARIABLES | E66: Seleccionado Fútbol | F66: Seleccionado Fútbol | G66: 2682875 | H66: COSTOS VARIABLES
A67: Tramoya Fiesta aniversario | B67: 6254331 | C67: COSTOS VARIABLES | E67: Seleccionado Esgrima | F67: Seleccionado Esgrima | G67: 1700000 | H67: COSTOS VARIABLES
A68: Adquisiciones | B68: 15147927 | C68: COSTOS VARIABLES | E68: Seleccionado Boga | F68: Seleccionado Boga | G68: 11035115 | H68: COSTOS VARIABLES
A69: Alimentación | B69: 30000000 | C69: COSTOS VARIABLES | E69: Seleccionado Básquetbol | F69: Seleccionado Básquetbol | G69: 1500000 | H69: COSTOS VARIABLES
A70: Centro Fotocopiado | B70: =21237052+19950000 -> 41187052 | C70: COSTOS VARIABLES | E70: Seleccionado Atletismo | F70: Seleccionado Atletismo | G70: 3500000 | H70: COSTOS VARIABLES
A71: EDUCACION | B71: 25800000 | C71: COSTOS VARIABLES | E71: Seguro Escolar | F71: Seguro Escolar | G71: 91625706 | H71: COSTOS VARIABLES
A72: Finanzas y secretaria | B72: 27701971 | C72: COSTOS VARIABLES | E72: Sala de Ventas | F72: Sala de Ventas | G72: 57165000 | H72: COSTOS VARIABLES
A73: FOFI Adquisiciones | B73: 7458900 | C73: COSTOS VARIABLES | E73: Regata Off-Valpo | F73: Regata Off-Valpo | G73: 8028316 | H73: COSTOS VARIABLES
A74: Lavadora II | B74: 24633000 | C74: COSTOS VARIABLES | E74: Regata mes del mar | F74: Regata mes del mar | G74: 4527172 | H74: COSTOS VARIABLES
A75: Obligaciones año anterior | B75: 319840188 | C75: COSTOS VARIABLES | E75: Regata de Vela en Brasil | F75: Regata de Vela en Brasil | G75: 3960000 | H75: COSTOS VARIABLES
A76: PROYECTO ESNAVAL 2024 | B76: 7259683 | C76: COSTOS VARIABLES | E76: Raid Costero | F76: Raid Costero | G76: 7415543 | H76: COSTOS VARIABLES
A77: Proyecto Reparación Piscina | B77: 549446369 | C77: COSTOS VARIABLES | E77: PUELCHE | F77: PUELCHE | G77: 639031 | H77: COSTOS VARIABLES
A78: SALA MUSCULACIÓN | B78: 14852326 | C78: COSTOS VARIABLES | E78: Prevención de Riesgo | F78: Prevención de Riesgo | G78: 4723116 | H78: COSTOS VARIABLES
A79: VIATICOS CENFIN 03 | B79: 24159154 | C79: COSTOS VARIABLES | E79: Deuda exigible | F79: Presupuestos año anterior | G79: 296994493 | H79: COSTOS VARIABLES
A80: Insumos y Medicamentos | B80: 11345371 | C80: COSTOS VARIABLES | E80: Prestadores de servicios - Finanzas | F80: Prestadores de servicios - Finanzas | G80: 74325498 | H80: COSTOS VARIABLES
A81: Sost. Sanidad y Prevención Riesgos | B81: 8103047 | C81: COSTOS VARIABLES | E81: Plan Vela | F81: Plan Vela | G81: 54505915 | H81: COSTOS VARIABLES
A82: Banda de Guerra | B82: 4645524 | C82: COSTOS VARIABLES | E82: Participación en seminario | F82: Participación en seminario | G82: 1000000 | H82: COSTOS VARIABLES
A83: Ceremonia de Graduación Gamas | B83: 3500000 | C83: COSTOS VARIABLES | E83: Pañol Ayudas a Educación | F83: Pañol Ayudas a Educación | G83: =5387200+3529829 -> 8917029 | H83: COSTOS VARIABLES
A84: FOFI Mantención | B84: 5806787 | C84: COSTOS VARIABLES | E84: Otros Traslados Movilización | F84: Otros Traslados Movilización | G84: 360000 | H84: COSTOS VARIABLES
A85: Imprenta | B85: 670922 | C85: COSTOS VARIABLES | E85: Obligaciones años anteriores | F85: Obligaciones años anteriores | G85: 4371327 | H85: COSTOS VARIABLES
A86: Mantención Vehiculos | B86: 2949970 | C86: COSTOS VARIABLES | E86: Movilización Cadetes | F86: Movilización Cadetes | G86: =2084100+739382 -> 2823482 | H86: COSTOS VARIABLES
A87: Movilización Cadetes | B87: =392175+40961412 -> 41353587 | C87: COSTOS VARIABLES | E87: Menaje y Equipo General | F87: Menaje y Equipo General | G87: =53532950+6467050 -> 60000000 | H87: COSTOS VARIABLES
A88: Arriendo Muelle | B88: 6671860 | C88: COSTOS VARIABLES | E88: Mantenimiento Equipo Sanidad | F88: Mantenimiento Equipo Sanidad | G88: 810000 | H88: COSTOS VARIABLES
A89: Combustible Botes y Yates | B89: 1941000 | C89: COSTOS VARIABLES | E89: Mantención de casino y camarotes | F89: Mantención de casino y camarotes | G89: 56423960 | H89: COSTOS VARIABLES
A90: Fases Admisión | B90: 21468210 | C90: COSTOS VARIABLES | E90: MANT VEHICULO | F90: MANT VEHICULO | G90: 300000 | H90: COSTOS VARIABLES
A91: Gasto Sostenimiento Admisión | B91: 15276794 | C91: COSTOS VARIABLES | E91: Interescuelas | F91: Interescuelas | G91: =26120004+390522 -> 26510526 | H91: COSTOS VARIABLES
A92: PROTAGONISTA 2030 | B92: 8743374 | C92: COSTOS VARIABLES | E92: Intercambio Cadete Ejecutivo (USNA) | F92: Intercambio Cadete Ejecutivo (USNA) | G92: 10020000 | H92: COSTOS VARIABLES
A93: FOFI Complejo Deportivo | B93: 6198499 | C93: COSTOS VARIABLES | E93: Insumos y Medicamentos | F93: Insumos y Medicamentos | G93: 11724537 | H93: COSTOS VARIABLES
A94: Implementación Apoyo Deportivo | B94: 6288292 | C94: COSTOS VARIABLES | E94: Representación Dirección | F94: INCENTIVOS Y CORREOS | G94: 254443 | H94: COSTOS VARIABLES
A95: Informatica | B95: 20380121 | C95: COSTOS VARIABLES | E95: Impuestos (Sala de ventas) | F95: Impuestos (Sala de ventas) | G95: 10000000 | H95: COSTOS VARIABLES
A96: Aniversario ESNAVAL Ecuador | B96: 3475000 | C96: COSTOS VARIABLES | E96: IImplementación Apoyo Deportivo | F96: IImplementación Apoyo Deportivo | G96: =32434634+5300000 -> 37734634 | H96: COSTOS VARIABLES
A97: Competencia Remo en Argentina | B97: 5969516 | C97: COSTOS VARIABLES | E97: Fofi Sanidad | F97: Fofi Sanidad | G97: 2000000 | H97: COSTOS VARIABLES
A98: Regata Copa ESNAVAL Vela | B98: 3486725 | C98: COSTOS VARIABLES | E98: FOFI Marina | F98: FOFI Marina | G98: 4000000 | H98: COSTOS VARIABLES
A99: Regata de Remo en Brasil | B99: 3952929 | C99: COSTOS VARIABLES | E99: FOFI Mantencion | F99: FOFI Mantencion | G99: 5500000 | H99: COSTOS VARIABLES
A100: Regata de Vela en China | B100: 1788854 | C100: COSTOS VARIABLES | E100: FOFI Educación | F100: FOFI Educación | G100: 6063435 | H100: COSTOS VARIABLES
A101: Regata de Vela en China | B101: 150286 | C101: COSTOS VARIABLES | E101: FOFI Dirección | F101: FOFI Dirección | G101: 3000000 | H101: COSTOS VARIABLES
A102: Regata de Vela en España | B102: 7516880 | C102: COSTOS VARIABLES | E102: FOFI Depto. Ejecutivo | F102: FOFI Depto. Ejecutivo | G102: 4810000 | H102: COSTOS VARIABLES
A103: Regata de Vela en Indonesia | B103: 1631233 | C103: COSTOS VARIABLES | E103: FOFI Complejo Deportivo | F103: FOFI Complejo Deportivo | G103: 8000000 | H103: COSTOS VARIABLES
...

Sheet DETALLE MOVIMIENTOS CF 3
B1: Conciliación Agosto
B2: Gastos Bancarios Acumulados | C2: 1784875604
B3: Gastos Presupuestarios Acumulados | C3: 1647697365
B4: Diferencia por Justificar | C4: =+C2-C3 -> 137178239
B6: Justificacion de Diferencia:
A7: Periodo | B7: Detalle Moviemiento Bancarios no consideraros en C.G.U. | C7: Montos | D7: UU.EE | E7: ITEM | F7: TA-ACT-SUB.ACT
A8: enero | B8: Transferencia otro banco a rut 9060664-6 concha garcia marcela elisa | C8: 358510 | D8: 1335 | F8: 01-121-1X
A9: enero | B9: Transferencia otro banco a rut 14469310-8 munoz salinas jorge omar | C9: 407000 | D9: 1335 | F9: 01-121-1X
A10: enero | B10: Apertura FOFI C1. Vilma MUÑOZ Vásquez | C10: 1011435 | D10: 1335 | E10: 2212002000 | F10: 01-121-DM
A11: enero | B11: Apertura FOFI C2. Karina GUZMÁN Vergara | C11: 1011435 | D11: 1335 | E11: 2212002000 | F11: 01-121-1X
A12: enero | B12: Apertura FOFI SO. Pablo ARANCIBIA Fuenzalida | C12: 1011435 | D12: 1339 | E12: 2212002000 | F12: 03-320-VA
A13: enero | B13: Transferencia otro banco a rut 97011000-3 banco internacional | C13: 1128004
A14: enero | B14: Transferencia bancoestado a rut 97030000-7 banco del estado de chile | C14: 2208500
A15: enero | B15: Transferencia otro banco a rut 97004000-5 banco de chile | C15: 2516850
A16: enero | B16: Cambios internacionales | C16: 2522500
A17: enero | B17: Transferencia bancoestado a rut 97030000-7 banco del estado de chile | C17: 2652000 | D17: Banco Estado CAE
A18: enero | B18: FORE C1. Edgardo FUENTES Fuentes | C18: 2880000 | D18: Apertura de FORE CF-10
A19: enero | B19: Documento devuelto protestado banco santander-chile ch. 0000012 | C19: 3703700
A20: enero | B20: Provision en linea convenio abonos varios numero 0010419259 nomina 00002313423 | C20: 3872870 | D20: 1340 | E20: 2212002000 | F20: 01-121-1X
A21: enero | B21: Emision vale a la vista | C21: 5368422
A22: enero | B22: Emision vale a la vista | C22: 5559389
A23: enero | B23: Viático T1. Casas-Cordero | C23: 27000
A24: febrero | B24: Transferencia otro banco a rut 76119711-8 comercializadora voda chile limitada | C24: 14280
A25: febrero | B25: Transferencia otro banco a rut 96928510-k empresas lipigas sa | C25: 131555 | D25: 1335 | E25: 2205002000 | F25: 01-121-1X | G25: 1341 | H25: 2212002000 | I25: 02-444-BH | J25: 1334 | K25: 2212002000 | L25: 01-121-1X | M25: 1336 | N25: 2212002000 | O25: 01-121-1X
A26: febrero | B26: Transferencia otro banco a rut 76119711-8 comercializadora voda chile limitada | C26: 199920
A27: febrero | B27: Provision en linea convenio abonos varios numero 0010419259 nomina 00002396383 | C27: 929310
A28: febrero | B28: Provision en linea convenio abonos varios numero 0010419259 nomina 00002447837 | C28: 2018820
A29: febrero | B29: Transferencia otro banco a rut 97011000-3 banco internacional | C29: 2652000
A30: marzo | B30: Transferencia otro banco a rut 18149525-1 suazo valle veronica solange | C30: 11010
A31: marzo | B31: Cambios internacionales | C31: 1552185
A32: marzo | B32: FORE CC. Carter | C32: 250000
A33: marzo | B33: Transferencia bancoestado a rut 14315888-8 torrealba paez salomon abidan | C33: 1598000
A34: abril | B34: Transferencia bancoestado a rut 16777257-9 arancibia fuenzalida pablo gustavo | C34: =200000 -> 200000
A35: abril | B35: Transferencia otro banco a rut 11620630-7 vasquez aguilar paula lorena | C35: 1191000
A36: abril | B36: Transferencia otro banco a rut 17898845-k cerda matamala raissa catalina | C36: 1684000 | D36: 1335 | F36: 01-121-1X
A37: abril | B37: Transferencia otro banco a rut 10972454-8 allamand wedeles juan pablo | C37: 2150086 | D37: 1335 | F37: 01-121-1X
A38: abril | B38: Transferencia otro banco a rut 10339847-9 barckhahn rubio ricardo ignacio | C38: 2176137 | D38: 1335 | F38: 01-121-1X
A39: abril | B39: Transferencia otro banco a rut 15547061-5 castro palomo andrea francisca de los angeles | C39: 2944700 | D39: 1335 | F39: 01-121-1X
A40: abril | B40: FORE CC. Carter | C40: 250000
A41: abril | B41: Apertura FOFI SO. Araneda | C41: 1020000 | D41: 1333 | E41: 2212002000 | F41: 01-121-1X
A42: mayo | B42: Transferencia bancoestado a rubio flores rolando andres | C42: 500000
A43: mayo | B43: Transferencia bancoestado a rut 12735476-6 huenteman munoz pablo cesar | C43: 1172510 | D43: 1335 | F43: 01-121-1X
A44: mayo | B44: Transferencia otro banco a rut 15080484-1 hernandez santoro elizabeth alejandra | C44: 1221000 | D44: 1335 | F44: 01-121-1X
A45: mayo | B45: Transferencia otro banco a rut 13164283-0 diaz arias juan carlos | C45: 1871001 | D45: 1335 | F45: 01-121-1X
A46: mayo | B46: Transferencia bancoestado a rut 13751474-5 arancibia pinilla jane adison | C46: 1987138 | D46: 1335 | F46: 01-121-1X
A47: mayo | B47: Transferencia otro banco a rut 15426833-2 quezada valenzuela rodrigo andres | C47: 2145010 | D47: 1335 | F47: 01-121-1X
A48: mayo | B48: Transferencia bancoestado a rut 12205372-5 alarcon sepulveda sylvia elena | C48: 2244590 | D48: 1335 | F48: 01-121-1X
A49: mayo | B49: Transferencia otro banco a rut 8739734-3 benavides fritis alfredo leonardo | C49: 2856479 | D49: 1335 | F49: 01-121-1X
A50: mayo | B50: Transferencia otro banco a rut 97011000-3 banco internacional | C50: 3407289
A51: mayo | B51: Provision en linea convenio abonos varios numero 0010419259 nomina 00002728679 | C51: 9724972
A52: junio | B52: Transferencia bancoestado a rut 902344-5ulloa quezada juan alberto | C52: 160178 | D52: 1335 | F52: 01-121-1X
A53: junio | B53: Transferencia otro banco a rut 20485041-0 contreras rojas monica belen | C53: 351000 | D53: 1335 | F53: 01-121-1X
A54: junio | B54: Transferencia bancoestado a rut 10297798-k mercado navarrete patricio alejandro | C54: 429000 | D54: 1335 | F54: 01-121-1X
A55: junio | B55: Transferencia otro banco a rut 25337631-7 de la rosa tejeda carmencita | C55: 429000 | D55: 1335 | F55: 01-121-1X
A56: junio | B56: Transferencia otro banco a rut 10193840-9 contador zelada maria carolina | C56: 429000 | D56: 1335 | F56: 01-121-1X
A57: junio | B57: Transferencia otro banco a rut 20365359-k ortiz leal bastian fernando | C57: 504191 | D57: 1335 | F57: 01-121-1X
A58: junio | B58: Transferencia otro banco a rut 20360326-6 luttges palma joaquin ignacio | C58: 831297 | D58: 1335 | F58: 01-121-1X
A59: junio | B59: FORE CC. Carter | C59: 400000
A60: junio | B60: Transferencia otro banco a rut 20251732-3 gonzalez ortiz wladimir javier abdon | C60: 890571
A61: junio | B61: Apertura FOFI de S1. Exequiel Hidalgo Soto | C61: 1029720 | D61: 1337 | E61: 2212002000 | F61: 02-444-BH
A62: junio | B62: Transferencia otro banco a rut 76693083-2 siete cumbres factoring spa | C62: 2000000
A63: junio | B63: Transferencia a cuenta 24509000073 esc naval arturo prat asignacion alumno | C63: 2005000
A64: julio | B64: Transferencia otro banco a rut 16992438-4 carter mena matias andres | C64: 200000 | D64: 1340 | E64: 2212002000 | F64: 05-181-08 | G64: FORE ADM 2026 - PROTAGONISTAS 2030
A65: julio | B65: Transferencia otro banco a rut 12626303-1 precht mendoza raul daniel | C65: 1570194 | D65: 1331 | E65: 2202001000 | F65: 03-309-5K | G65: DEV SALDO AF EX KDT 173/25 TOMAS PRECHT
A66: julio | B66: Transferencia otro banco a rut 19153749-1 carrasco catalan barbara rocio | C66: 2000000 | D66: 1334 | F66: 03-309-H2 | G66: FORE PRACTICA KDTS PRIMER AÑO A BORDO AP AQUILES
A67: julio | B67: Transferencia otro banco a rut 17752789-0 appelgren ruckoldt sebastian andres | C67: 4000000 | D67: 1334 | F67: 01-151-E1 | G67: FORE ANIVERSARIO ESNAVAL
A68: julio | B68: Emision vale a la vista | C68: 35289233
A69: agosto | B69: Transferencia bancoestado a rut 97030000-7 banco del estado de chile | C69: 16293 | D69: 1331 | G69: PREPAGO KDT 050/22 RUT 21359359-5 BARBARA PONCE LAGOS
A70: agosto | B70: Transferencia otro banco a rut 21292549-7 marro arenas maria paz | C70: 295494 | D70: 1331 | G70: DEVOLUCION SALDO AF KDT 364/21 MARIA MARRO ARENAS
A71: agosto | B71: Provision en linea convenio abonos varios numero 0010419259 nomina 00003067718 | C71: 400000 | D71: 1340 | G71: FORE ADMISION 2026 - TALCAHUANO CC. M. CARTER M.
A72: agosto | B72: Transferencia a cuenta 24509000073 esc naval arturo prat asignacion alumno | C72: 456270 | D72: 1335 | G72: FOFI N°2 DEL CF3 FUE FINANCIADO POR ERROR CON CF10
A73: agosto | B73: Provision en linea convenio abonos varios numero 0010419259 nomina 00003050346 | C73: 500000 | D73: 1344 | G73: FORE GTOS REGATA COPA ESCUELA NAVAL
A74: agosto | B74: Provision en linea convenio abonos varios numero 0010419259 nomina 00003020179 | C74: 200000 | D74: 1340 | G74: FORE CC. CARTER
A75: agosto | B75: Transferencia bancoestado a rut 97030000-7 banco del estado de chile | C75: 767510 | D75: 1331 | G75: PREPAGO KDT 422/23 RUT 21256407-9 ANTONIA CARREÑO HERNANDEZ
A76: agosto | B76: Transferencia otro banco a rut 13442371-4 macaya opitz maria paz | C76: 930500 | D76: 1331 | G76: DEVOLUCION KDT RETIRADO 306/24 FELIPE COX MACAYA
A77: agosto | B77: Transferencia bancoestado a rut 97030000-7 banco del estado de chile | C77: 1430000 | D77: 1331 | G77: PREPAGO KDT 309/24 RUT 21130940-7 MAIKOL CARDOZA PARDO
A78: agosto | B78: Transferencia bancoestado a rut 97030000-7 banco del estado de chile | C78: 2891608 | D78: 1331 | G78: PREPAGO KDT 383/24 RUT 21672560-3 MATIAS PACHECO MUÑOZ
A79: agosto | B79: Transferencia otro banco a rut 97011000-3 banco internacional | C79: 3070528 | D79: 1331 | G79: 1/2 GARANTÍA DEL CAE EX KDT 274/19 NICOLAS VERA PEREIRA
A80: agosto | B80: Transferencia otro banco a rut 97011000-3 banco internacional | C80: 3070529 | D80: 1331 | G80: 2/2 GARANTÍA DEL CAE EX KDT 274/19 NICOLAS VERA PEREIRA
A81: agosto | B81: Transferencia bancoestado a rut 97030000-7 banco del estado de chile | C81: 3297000 | D81: 1331 | G81: PREPAGO KDT 299/24 RUT 20589045-9 IVON ALVEAR GONZALEZ
A82: agosto | B82: Emision vale a la vista | C82: 7768280 | D82: 1335
A83: Total de Movimientos Bancarios No Considerados en CGU | C83: =SUM(C8:C82) -> 161954438
A85: Menos: Cargos Presupuestarios No Reconocidos en Movimentos Bancarios:
A86: febrero | B86: Diferencia en depósito en efectivo | C86: 1165000
A87: marzo | B87: TRANSBANK - TARJETAS DE CRÉDITO (96.689.310) - ENERO/25 | C87: 346166 | D87: 1335 | E87: 2209005000 | F87: 01-121-1X
A88: marzo | B88: TRANSBANK - TARJETAS DE CRÉDITO (96.689.310) - FEBRERO | C88: 496382 | D88: 1335 | E88: 2209005000 | F88: 01-121-1X
A89: marzo | B89: TRANSBANK - TARJETAS DE CRÉDITO (96.689.310) | C89: 341543 | D89: 1335 | E89: 2209005000 | F89: 01-121-1X
A90: marzo | B90: TRANSBANK - TARJETAS DE CRÉDITO (96.689.310) - ENERO/25 | C90: 2235840 | D90: 1335 | E90: 2208009000 | F90: 01-121-1X
A91: marzo | B91: TRANSBANK - TARJETAS DE DÉBITO (96.689.310) - FEBRERO | C91: 550817 | D91: 1335 | E91: 2208009000 | F91: 01-121-1X
A92: marzo | B92: TRANSBANK - TARJETAS DE DÉBITO (96.689.310) - ENERO 202 | C92: 898920 | D92: 1335 | E92: 2208009000 | F92: 01-121-1X
A93: marzo | B93: TRANSBANK - TARJETAS DE CRÉDITO (96.689.310) - FEBRERO | C93: 571937 | D93: 1335 | E93: 2208009000 | F93: 01-121-1X
A94: marzo | B94: DESCUENTO BIENESTAR POR CONCEPTO DE COLEGIATURA MARZO | C94: 26758 | D94: 1335 | E94: 2208009000 | F94: 01-121-1X
A95: marzo | B95: TRANSBANK - TARJETAS DE CRÉDITO (96.689.310) | C95: 691383 | D95: 1335 | E95: 2208009000 | F95: 01-121-1X
A96: marzo | B96: TRANSBANK - TARJETAS DE DÉBITO (96.689.310) | C96: 714328 | D96: 1335 | E96: 2208009000 | F96: 01-121-1X
A97: marzo | B97: Reintegro Obligación Nro. 79752 Deveng. Nro. 253 | C97: -103125 | D97: 1320 | E97: 3407001000 | F97: 01-246-S5
A98: abril | B98: Transbank | C98: 1320154 | D98: 1335 | E98: 2208009000 | F98: 01-121-1X
... A100: abril | B100: Tesoreria General de la República | C100: 297956 | D100: 1335 | E100: 2103001000 | F100: P2-284-MW
A101: abril | B101: Rendicuenta FORE CC. Carter | C101: =97094+230703+231346+186900+924598 -> 1670641 | D101: 1344 | E101: 2212002000 | F101: 01-104-R1 | G101: 1253038 | H101: 1344 | I101: 2212002000 | J101: 05-181-08 | K101: 230703 | L101: 1339 | M101: 2212002000 | N101: 01-320-VA | O101: 186900
A102: mayo | B102: Reintegro Obligación Nro. 80356 Deveng. Nro. 10430 | C102: -98435 | D102: 1339 | E102: 2101004006 | F102: 01-320-VA
A103: mayo | B103: RINDE CUENTA FORE 58/2025 CC. M. CARTER M. 16992438-4 | C103: 118212 | D103: 1340 | E103: 2212002000 | F103: 05-181-08
...

Sheet DETALLE NOVIMIENTOS CF 10
